Workbook
Name \0: #REF!
Name \BD: #REF!
Name \BJ: #REF!
Name \BP: #REF!
Name \CA: #REF!
Name \i: #REF!
Name \m: #REF!
Name A_IMPRESIÓN_IM: #REF!
Name A205_: #REF!
Name A242_: #REF!
Name A255_: #REF!
Name A498_: #REF!
Name A534_: #N/A
Name A598_: #REF!
Name A641_: #REF!
Name A68_: #REF!
Name A784_: #REF!
Name Accounts: #REF!
Name Accrual___payment_of_dividends: #REF!
Name ACT: #REF!
Name AFANT: #REF!
Name AFHOY: #REF!
Name ahaccionistas01: #REF!
Name AJPAAG: #REF!
Name año: #REF!
Name AÑO_A_PROCESAR: #REF!
Name año1: #REF!
Name AÑOS_A_PROCESAR: #REF!
Name AppName: #REF!
Name Área_de_impresión1: #REF!
Name ASFSD: #REF!
Name Assertions: #REF!
Name BASE: #REF!
Name BCE: #REF!
Name BCEBONOS: #REF!
Name BCECAMBIOS: #REF!
Name BCEEMPRESA: #REF!
Name BCERENTA: #REF!
Name BCETESOROS: #REF!
Name BLOQUE: #REF!
Name BuiltIn_Print_Area___0: #REF!
Name BuiltIn_Print_Titles___0: #REF!
Name CAR: #REF!
Name CAVR: #REF!
Name cdtaccinistas01: #REF!
Name CO.Otros_Cuentas: #REF!
Name CO.Otros_Monto: #REF!
Name CO.Riesgo_Cuentas: #REF!
Name CO.Riesgo_Monto: #REF!
Name CO.Tesoreria_Cuentas: #REF!
Name COMP3CM: #REF!,#REF!,#REF!,#REF!,#REF!
Name COMP3PM: #REF!,#REF!,#REF!,#REF!
Name COMP3PY: #REF!,#REF!,#REF!,#REF!,#REF!
Name COMPCM: #REF!,#REF!,#REF!,#REF!,#REF!,#REF!,#REF!
Name COMPPM: #REF!,#REF!,#REF!,#REF!,#REF!,#REF!,#REF!
Name COMPPY: #REF!,#REF!,#REF!,#REF!,#REF!,#REF!,#REF!,#REF!
Name con10_partic: #REF!
Name conahdirectivos01: #REF!
Name conahojunta01: #REF!
Name concdtdirectivos01: #REF!

Sheet Instructivo
B2: EVALUACIÓN INDEPENDIENTE SISTEMA DE CONTROL INTERNO (instrucciones para su diligenciamiento)
B6: Teniendo en cuenta que con la expedición del Decreto 1499 de 2017 “Por medio del cual se modifica el Decreto 1083 de 2015, Decreto Único Reglamentario del Sector Función Pública, en lo relacionado con el Sistema de Gestión establecido en el artículo 133 de la Ley 1753 de 2015”, se crea un solo Sistema de Gestión y se alinea con el Sistema de Control Interno, hoy todas las entidades públicas requieren actualizar y/o implementar el Modelo Integrado de Planeación y Gestión MIPG, modelo que incorpora el Modelo Estándar de Control Interno MECI a través de la 7a dimensión del mismo. Esta estructura requiere de un análisis articulado frente al desarrollo de las políticas de gestión y desempeño contenidas en el modelo y su efectividad en relación con la estructura de control, este útlimo, aspecto esecial para garantizar el buen manejo de los recursos, que las metas y objetivos se cumplan y se mejore la prestación del servicio a los usuarios, ejes fundamentales para la generación de valor público. Teniendo en cuenta lo anterior y dada la necesidad de dar cumplimiento a la dispuesto en el articulo 156 del Decreto 2106 de 2019, el presente formato busca que las entidades cuenten con una herramienta para evaluar sus Sistemas de Control Interno de manera integral y permitirle al Jefe de Control Interno o quien haga sus veces llevar a cabo el informe de evaluación independiente sobre el mismo para su publicación cada seis (6) meses, en el sitio web de la entidad.
B8: Orientaciones Generales
B9: El archivo contiene las siguientes hojas: - Pestañas por cada uno de los componentes de control interno: "Ambiente de Control", "Evaluación de riesgos", "Actividades de control", "Información y Comunicación", y " Actividades de Monitoreo". las cuales cuentan todas con la siguiente estructura:
C12: Columna | E12: Descripción
C13: Lineamiento X: | E13: Esta columna define los lineamientos generales para cada uno de los componentes del MECI y se asocian los temas específicos que se deben analizar en cada uno.
C14: DIMENSIÓN O POLÍTICA DEL MIPG ASOCIADA AL REQUERIMIENTO | E14: En esta columna se deben asociar la (las) dimensión (es), así como la (s) política (s) de gestión y desempeño que permiten el desarrollo del tema en la entidad, en el marco del Modelo Integrado de Planeación y Gestión MIPG.
C15: Evaluación "si se encuentra Presente" Referencia a Procesos, Manuales/Políticas de Operación/Procedimientos/Instructivos u otros desarrollos que den cuente de su aplicación | E15: Indicar el nombre del proceso, manual, política de operación, procedimiento o instructivo en donde se encuentra documentado y su fuente de consulta. De acuerdo con lo identificado como resultado de la evaluación del requerimiento, seleccione de la lista desplegable 1, 2 o 3 de acuerdo con las siguientes definiciones: 1 - No existen actividades diseñadas para cubrir el requerimiento. 2 - Existen actividades diseñadas o en proceso de diseño, pero éstas no se encuentran documentadas en las políticas/procedimientos u otras herramientas 3 - Las actividades se encuentran diseñadas, documentadas y socializadas de acuerdo con el requerimiento. Nota: Entiendase "diseñada" como aquella actividad que cuenta con un responsable(s), periodicidad (cada cuanto se realiza ), proposito (objetivo), Como se lleva a cabo (procedimiento), qué pasa con las desviaciones y/o excepciones (producto de su ejecucion) y cuenta con evidencia (documentacion).
C16: EVIDENCIA DEL CONTROL | D16: No. | E16: Relaciona el consecutivo de las evidencias que se identifican en relación con la efectividad del control.
D17: Referencia a Análisis y verificaciones en el marco del Comité Institucional de Coordinación de Control Interno | E17: Indicar las acciones que se han adelantado para evaluar el estado del Sistema de Control Interno en el marco del Comité Institucional de Coordinación de Control Interno. Acciones entendidas a las modificaciones, actualizaciones y actividades de fortalecimiento del sistema a partir de la normatividad vigente.
D18: Observaciones de la evaluacion independiente (tener encuenta papel de líneas de defensa) | E18: Indicar las acciones que se han adelantado en el marco de la evaluaciòn independiente (auditoria interna), sobre el estado del Sistema de Control Interno . Acciones entendidas en la evaluación y monitoreo de la efectividad del control, incluyendo el seguimiento a los controles de la primera y segunda linea de defensa.
C19: Evaluación "si se encuentra Funcionando" | E19: Seleccionar de la lista desplegable 1, 2 o 3 de acuerdo con los siguientes criterios y basado en los resultados reportados por la Oficina de Control Interno así: 1 - El control no opera como está diseñado o bien no está presente (no se ha implementado) 2 - El control opera como está diseñado pero con algunas falencias 3- El control opera como está diseñado y es efectivo frente al cumplimiento de los objetivos y para evitar la materialización del riesgo.
B21: - Análisis de Resultados: Esta hoja permite establecer si el Sistema de Control Interno evaluado se encuentra PRESENTE y FUNCIONANDO, permitiéndo definir puntos de mejora a través de los componentes del MECI y su articulacion con las Dimensiones del MIPG.
C23: Clasificación | D23: Descripción | F23: Observaciones del Control
C24: Mantenimiento del Control | D24: Cuando en el análisis de los requerimientos en los diferentes componentes del MECI se cuente con aspectos evaluados en nivel 3 (presente) y 3 (funcionando). | F24: Se encuentra presente y funciona correctamente, por lo tanto se requiere acciones o actividades dirigidas a su mantenimiento dentro del marco de las lineas de defensa.
C25: Oportunidad de Mejora | D25: Cuando en el análisis de los requerimientos en los diferentes componentes del MECI se cuente con aspectos evaluados en nivel 2 (presente) y 3 (funcionando). | F25: Se encuentra presente y funcionando, pero requiere mejoras frente a su diseño, ya que opera de manera efectiva
C26: Deficiencia de Control (Diseño o Ejecución) | D26: Cuando en el análisis de los requerimientos en los diferentes componentes del MECI se cuente con aspectos evaluados en nivel 2 (presente) y 2 (funcionando); 3 (presente) y 1 (funcionando); 3 (presente) y 2 (funcionando); 2 (presente) y 1 (funcionando) | F26: Se encuentra presente y funcionando, pero requiere acciones dirigidas a fortalecer o mejorar su diseño y/o ejecucion.
C27: Deficiencia de Control Mayor (Diseño y Ejecución) | D27: Cuando en el análisis de los requerimientos en los diferentes componentes del MECI se cuente con aspectos evaluados en nivel 1 (presente) y 1 (funcionando);1 (presente) y 2 (funcionando); 1(presente) y 3 (funcionando). | F27: No se encuentra presente por lo tanto no esta funcionando, lo que hace que se requieran acciones dirigidas a fortalecer su diseño y puesta en marcha
B30: - Conclusiones: Esta hoja permite establecer si el Sistema de Control Interno evaluado se encuentra PRESENTE y FUNCIONANDO, definiendo puntos de mejora a través de los componentes del MECI y su relación con las Dimensiones del MIPG.
B32: - Definiciones: Algunos términos asociados a con control interno y utilizados en diferentes partes del formato.

Sheet Definiciones
B2: Términos y Definiciones
B4: Término | C4: Descripción
B5: Actividad de control | C5: Acciones establecidas en los procesos, políticas, procedimientos u otras herramientas que permiten que se lleven a cabo las instrucciones de la Administración para mitigar los riesgos relacionados con el logro de los objetivos. Las Actividades de Control son un Componente del Control Interno.
B6: Alta Dirección | C6: Comprende los empleos del Nivel Directivo a los cuales corresponden funciones de dirección general, de formulación de políticas institucionales y de adopción de planes, programas y proyectos. (Decreto 770 de 2005)
B7: Ambiente de control | C7: El ambiente de control establece el tono de una organización. Es la base de los otros componentes del control interno pues define los valores y principios con los cuales se rige la entidad e influye en la conciencia de los servidores sobre la forma en que se deben llevar a cabo las operaciones.
B8: Comité Institucional de Coordinación de Control Interno | C8: Instancia del más alto nivel jerárquico, creado como órgano asesor e instancia decisora en los asuntos de control interno, de oblgatoria conformación para todas las entidades estatales. (Ley 87 de 1993, art 13 y Decreto 648 de 2017).
B9: Comité Institucional de Gestión y Desempeño | C9: Instancia del más alto nivel jerárquico, encargado de orientar la implementación y operación del Modelo Integrado de Planeación y Gestión MIPG, de oblgatoria conformación para todas las entidades estatales. (Decreto 1499 de 2017).
B10: Componente | C10: Uno de los cinco elementos del Modelo Estándar de Control Interno MECI.
B11: Conflicto de interés | C11: Situación en la cual un auditor interno, que ocupa un puesto de confianza, tiene interés personal o profesional en competencia con otros intereses. Tales intereses pueden hacerle difícil el cumplimiento imparcial de sus tareas. (Tomado de las Normas Internacionales de Auditoría Interna Norma 1120) En el sector público el conflicto de interés existe cuando el interés personal de quien ejerce una función pública colisiona con los deberes y obligaciones del cargo que desempeña. (Guía Conflictos de Interés de Servidores Públicos. Función Pública. 2018).
B12: Control Interno | C12: Estructura de procesos, políticas, procedimientos, manuales y otras herramientas diseñadas por la entidad para proporcionar seguridad razonable de que los objetivos y metas se alcanzarán y que los eventos no deseados se evitaran o bien se detectaran y corregirán.
B13: Control interno efectivo | C13: El Sistema de Control Interno para que sea efectivo requiere que cada uno de los cinco componentes del MECI y sus lineamientos, estén presentes, funcionando y operando de manera articulada con el MIPG.
B14: Controles generales de TI | C14: Actividades de control que ayudan a asegurar la apropiada operación de la tecnología, incluyen los controles sobre la infraestructura de tecnología, seguridad de la información, adquisición de tecnología su desarrollo y mantenimiento.
B15: Corrupción | C15: Posibilidad de que por acción u omisión, se use el poder para desviar la gestión de lo público hacia un beneficio privado. (Secretaría de Transparencia)
... B39: Lineas de Defensa | C39: Esquema de asignación de responsabilidades, adaptada del Modelo de las 3 Líneas de Defensa” del Instituto de Auditores, el cual proporciona una manera simple y efectiva para mejorar las comunicaciones en la gestión de riesgos y control mediante la aclaración de las funciones y deberes esenciales relacionados, que permiten contar con diferentes niveles para el control.

Sheet Ambiente de Control
C18: AMBIENTE DE CONTROL
C19: La entidad debe asegurar un ambiente de control que le permita disponer de las condiciones mínimas para el ejercicio del control interno. Esto se logra con el compromiso, liderazgo y los lineamientos de la alta dirección y del Comité Institucional de Coordinación de Control Interno. El Ambiente de Control es el fundamento de todos los demás componentes del control interno, se incluyen la integridad y valores éticos, la competencia (capacidad) de los servidores de la entidad; la manera en que la Alta Dirección asigna autoridad y responsabilidad, así como también el direccionamiento estratégico definido.
B21: ID | C21: Lineamiento 1: La entidad demuestra el compromiso con la integridad (valores) y principios del servicio público | D21: DIMENSIÓN O POLÍTICA DEL MIPG ASOCIADA AL REQUERIMIENTO | E21: Explicación de cómo la Entidad evidencia que está dando respuesta al requerimiento Referencia a Procesos, Manuales/Políticas de Operación/Procedimientos/Instructivos u otros desarrollos que den cuente de su aplicación | F21: Presente (1/2/3) | G21: EVIDENCIA DEL CONTROL | J21: Funcionando (1/2/3) | K21: Evaluación | L21: Observaciones de la evaluacion independiente (tener encuenta papel de líneas de defensa de enero a diciembre de 2025 | M21: Observaciones de la evaluacion independiente (tener encuenta papel de líneas de defensa de Enero a diciembre de 2025
G22: No. | H22: Referencia a Análisis y verificaciones en el marco del Comité Institucional de Coordinación de Control Interno | I22: Observaciones de la evaluacion independiente (tener encuenta papel de líneas de defensa) de enero a diciembre de 2025
A24: EJEMPLO | B24: =+LEFT(C24,3) -> Ap | C24: Aplicación del Código de Integridad. (incluye análisis de desviaciones, convivencia laboral, temas disciplinarios internos, quejas o denuncias sobres los servidores de la entidad, u otros temas relacionados). | D24: Dimensión Talento Humano Política Integridad | E24: En el periodo enero a diciembre de 2025 desde la palanca de lideres y equipos se realizó una actividad de Grupo Focal dirigida a los Médicos Generales y Médicos Especialistas, con el objetivo de un espacio de dialogo que nos brindara la oportunidad de recopilar sus opiniones y perspectivas sobre diversos aspectos del funcionamiento del hospital, asi como identificar oportunidades de mejora para fortalecer la institución. También se dió continuidad a la formación de Líderes y Equipos Conscientes impartiendo temas de formación para Directivos, Líderes, Profesionales con personal a cargo, responsables de procesos y ejes de acreditación, equipos de trabajo, profundizando en habilidades de los equipos, lo que permitió homogenizar y desarrollar las habilidades requeridas en el marco de cultura organizacional que se quiere fomentar, con el Taller de Pensamiento Estratégico formación basada en el aprendizaje activo que exige al participante reflexionar de manera individual y colectiva sobre los conceptos y conocimientos que está adquiriendo y descubrir cómo los puede poner en acción e implementar para su desarrollo personal y profesional, estableciendo metas y compromisos claros de aplicación, hubo participación de 33 funcionarios. En el Fortalecimiento de Cultura Organizacional, se realizó la conmemoración del Dia Nacional del Servidor Publico, se realizo la apropiación de los valores institucionales con el propósito de la atención consciente a los valores en la construcción de cimientos sólidos que guían el comportamiento y las interacciones en el entorno laboral. con la participacion de 191 funcionarios | F24: 3 | G24: 1 | H24: Frente al Comité Institucional de control interno se presentó el programa de intervención de fortalecimiento de cultura organizacional para la vigencia 2025. Se informo sobre las actividades y actuaciones a realizar durante el primer semestre, sobre la actividad de los grupos focales dirigida a los médicos Generales y Medicos Especialistas, también sobre la formación de Directivos, Líderes, Profesionales con Personal a cargo, responsables de procesos y ejes de acreditación y equipos de trabajo con el Taller de Pensamiento Estratégico. Se informó al comité sobre la conmemoración del día nacional del Servidor Público | I24: Al seguimiento por control interno de enero a junio y de julio a noviembre de 2025 , es importante anotar que el componente Ambiente de Control se desarrolló conforme a lo establecido en el Modelo integrado de planeación y de Gestión MIPG, verificando que se continuo con el proceso de Fortalecimiento de la Cultura Organizacional, se busca implementar un modelo de actuación para las personas en posiciones de mando y para los equipos de trabajo, que propenda por los resultados, el cuidado de las relaciones y del ser. El plan de intervencion propuesto durante este periodo se orientó a realizar la fase de planeación del programa de Valores Vividos, definición de valores institucionales y conductas asociadas, piezas de expectativa para su lanzamiento, que incentivan a los funcionarios a compartir y aplicar los valores Institucionales, en su diario actuar. Se conmemoró el día nacional del Servidor Público, en donde se resaltò la labor de los servidores públicos del HDPUV, se fortalecieron los valores institucionales. | J24: 3 | K24: Mantenimiento del control | L24: Se observó por control interno que el periodo enero a junio y de julio a noviembre de 2025 desde el programa de Fortalecimiento de cultura durante estos periodos se trabajo desde las palancas las siguientes actividades: Taller de Reinvención dirigido al Comité gerencial, Enfermeros y profesionales del área de la salud con el objetivo de aprender una habilidad clave del líder para gestionar la disrupción constante, con una participación de 39 personas Taller del Control a la Confianza: La accountability como Motor de Liderazgo, dirigido al comité gerencial y al grupo de profesionales de la salud enfermeros – terapeutas ocupacionales que tiene como objetivo de Fortalecer en los participantes la capacidad de liderazgo mediante la práctica del accountability, entendida como la responsabilidad personal y colectiva frente a los compromisos asumidos, potenciando la confianza, la credibilidad y la coherencia en la gestión de equipos y proyectos, con una participación de 82 personas. Palanca Prácticas de Gestión Humana se realizó desde el eje emocional en la promoción de los jardines terapéuticos con el objetivo de trabajar en la importancia de los jardines terapéuticos dando prioridad a la salud mental de los trabajadores, en apoyo con seguridad del paciente, bienestar integral humanización y Grupo Ges, la actividad consistió en ofrecer un espacio de esparcimiento al aire libre dándole a nuestros trabajadores Tips y herramienta en que el trabajador pueda fortalecer su salud mental en este caso estamos hablando de actividades de relajación, actividades de respiración . Realización de la Charla de la ciencia de ser feliz y como aplicarla con el objetivo de explorar los hallazgos y descubrir prácticas para incorporar más bienestar para nuestra vida cotidiana, con una participación de 153 personas Talle de finanzas saludables con el objetivo aprender a ahorrar, controlar los gastos, controlar las deudas y saber cómo crecer el dinero para construir un futuro. Tener Finanzas saludables impacto positivamente la calidad de vida de las personas, dirigido a todo el personal de la institución, con una participación de 133 personas. Compromiso y colaboración clave para equipos de altos rendimientos. Con el objetivo fortalecer la cultura del trabajo conjunto, desarrollar la corresponsabilidad de crear entornos donde las personas no solo trabajan juntas, sino que crecen juntas, con una participación de 147 personas. | M24: Durante el primer y segundo semestre de la vigencia 2025 se trabajó desde las siguientes palancas de cambio: Palanca de Líderes y Equipos se realizó la divulgación de la medición de liderazgo dirigida a los enfermeros con el objetivo de socializar la importancia de la medición de liderazgo que se realizará a los profesionales con personal a cargo, con una participación de 18 personas. Se realizó el Taller de Reinvención dirigido al Comité gerencial, Enfermeros y profesionales del área de la salud con el objetivo de aprender una habilidad clave del líder para gestionar la disrupción constante, con una participación de 39 personas Taller del Control a la Confianza: La accountability como Motor de Liderazgo, dirigido al comité gerencial y al grupo de profesionales de la salud enfermeros – terapeutas ocupacionales que tiene como objetivo de Fortalecer en los participantes la capacidad de liderazgo mediante la práctica del accountability, entendida como la responsabilidad personal y colectiva frente a los compromisos asumidos, potenciando la confianza, la credibilidad y la coherencia en la gestión de equipos y proyectos, con una participación de 82 personas. Palanca Prácticas de Gestión Humana se realizó desde el eje emocional en la promoción de los jardines terapéuticos con el objetivo de trabajar en la importancia de los jardines terapéuticos dando prioridad a la salud mental de los trabajadores, en apoyo con seguridad del paciente, bienestar integral humanización y Grupo Ges, la actividad consistió en ofrecer un espacio de esparcimiento al aire libre dándole a nuestros trabajadores Tips y herramienta en que el trabajador pueda fortalecer su salud mental en este caso estamos hablando de actividades de relajación, actividades de respiración . Realización de la Charla de la ciencia de ser feliz y como aplicarla con el objetivo de explorar los hallazgos y descubrir prácticas para incorporar más bienestar para nuestra vida cotidiana, con una participación de 153 personas Talle de finanzas saludables con el objetivo aprender a ahorrar, controlar los gastos, controlar las deudas y saber cómo crecer el dinero para construir un futuro. Tener Finanzas saludables impacto positivamente la calidad de vida de las personas, dirigido a todo el personal de la institución, con una participación de 133 personas. Compromiso y colaboración clave para equipos de altos rendimientos. Con el objetivo fortalecer la cultura del trabajo conjunto, desarrollar la corresponsabilidad de crear entornos donde las personas no solo trabajan juntas, sino que crecen juntas, con una participación de 147 personas. Círculos Comunicación No Violenta, con el objetivo de brindar a los participantes un espacio de reflexión y aprendizaje sobre la práctica de los círculos de comunicación no violenta, promoviendo habilidades de escucha activa, empatía y expresión auténtica que fortalezcan las relaciones interpersonales, faciliten la resolución pacífica de conflictos y fomenten una cultura de diálogo constructivo en los diferentes ámbitos de la vida. Con una participación de 106 personas. Relaciones saludables con el objetivo de fomentar en los participantes la comprensión y práctica de relaciones saludables a través del reconocimiento de límites personales, el desarrollo de la empatía y la validación mutua, fortaleciendo así vínculos basados en el respeto, el cuidado y la comunicación asertiva. Con una participación de 104 personas En el marco de nuestra cultura organizacional se realizó la celebración del día del servidor público, se exalto la labor de cada servidor y servidora pública que, con vocación, compromiso y ética, entrega lo mejor de sí al servicio de la salud mental y el bienestar de la comunidad. El objetivo principal de la actividad del Día del Servidor Público es reconocer y valorar la labor de los funcionarios y empleados que trabajan en nuestra institución. Buscando fortalecer el sentido de pertenencia, la eficiencia, la ética y la calidad del servicio público, además de promover la reflexión sobre el papel del servidor público en la sociedad. • Reconocer la labor: Destacar la importancia del trabajo de los servidores públicos y su contribución al desarrollo del país. • Fortalecer valores: Promover y fortalecer nuestros valores institucionales los cuales son: Compromiso, diligencia y servicio, conocimiento, honestidad, humanización, justicia e inclusión, respecto y seguridad. • Fomentar la reflexión: Crear espacios para que los servidores públicos reflexionen sobre su rol y su impacto en la sociedad y en nuestra institución • Integración y bienestar: Ofrecer momentos de esparcimiento y camaradería para fortalecer el ambiente laboral. | N24: {=+N24:CG24M24N24:CF24N24:CH24M24N24:CF24} -> #NAME?
G25: 2
G26: 3
G27: 4
G28: 5
G29: 6
G30: 7
G31: 8
B32: =+LEFT(C32,3) -> 1.1 | C32: 1.1 Aplicación del Código de Integridad. (incluye análisis de desviaciones, convivencia laboral, temas disciplinarios internos, quejas o denuncias sobres los servidores de la entidad, u otros temas relacionados). | D32: Dimensión Talento Humano Política Integridad | E32: En el periodo comprendido de enero a junio y de julio a noviembre de 2025 no se presentaron manifestaciones por presuntas fallas frente al incumplimiento del Código de Integridad por parte de los funcionarios. La entidad realizó la medición de la gestión institucional a través de la formulación y desarrollo de indicadores orientados al sistema de la gestión ética, propuestos en el Código de Conducta y Buen Gobierno. Se cuenta con el Comite de Convivencia laboral en donde se da cumplimiento a los objetivos de la resolución de creación, al quorum y al plan de trabajo establecido para la vigencia 2025. | F32: 3 | G32: 1 | H32: Ante el comité de Institucional de control interno se presentaron las manifestacioes de los 3 trimestres de la vigencia 2025 quedando pendiente el ultimo trimestre que cierra el 31 de diciembre de 2025. Se verifico que no se presentaron manifestaciones por presuntas fallas frente al incumplimiento del Código de Integridad por parte de los funcionarios. Se informó al comité que se implementó el Programa de Transformación Cultural donde se integra la socialización del Código de Integridad y se despliegan actividades para el monitoreo del objetivo propuesto. Se establecíó que el Comité de Convivencia Laboral resolvió oportunamente las solicitudes presentadas por los funcionarios y que se reunió de acuerdo a lo establecido en la resolución de creación, cumpliendo con la periodicidad. Para el 2025 hasta julio se recibieron un total de 293 manifestaciones de las cuales: 266 son felicitaciones cuyo porcentaje es del 90,8%; Quejas 22 cuyo porcentaje es 7,5%; Peticiones 1 con porcentaje del 03%, sugerencias 2 porcentaje del 0.7% y reclamos 2 cuyo porcentaje es del 0.7%. | I32: De acuerdo al seguimiento realizado por control interno se estableció que revisados los tres primeros trimestres de la vigencia 2025 no se presentaron manifestaciones por presuntas fallas frente al cumplimiento del Código de Integridad por parte de los funcionarios. Igualmente se evaluo por parte de control interno las manifestaciones en este periodo y se observò que la informaciòn recepcionada por los canales de comunicaciòn dispuestos por la entidad para las PQRS, fue evaluada y se le diò respuesta oportuna a las manifestaciones. Estas fueron publicadas en la pàgina web de la entidad en la pestaña de transparencia. Las quejas que involucran funcionarios de la entidad fueron resueltas y puestas en conocimiento del lider de proceso al que pertenecen. Igualmente se realizò seguimiento al comite de concivencia laboral y las diferentes actuaciones que afectan la conducta del funcionario y fueron puestas en conocimiento de control disciplinario | J32: 3 | K32: Mantenimiento del control | L32: Durante el periodo enero a junio y de julio a noviembre de 2025, no se han presentado manifestaciones por presuntas fallas frente al incumplimiento del Código de Integridad por parte de los funcionarios. La gestión frente a este tipo de manifestaciones se encuentra documentada en el numeral 5.7.5 Gestión de Manifestaciones a presunta falla frente al cumplimiento del Código de Integridad institucional – Conflicto de Interés, del Manual de Sistema de Información y Atención al Usuario (MAN-SIA-01). Igualmente el Hospital realiza la medición de la gestión institucional a través de la formulación y desarrollo de indicadores orientados al sistema de la gestión ética, propuestos en el Código de Conducta y Buen Gobierno. Dentro de la evaluación realizada por el asesor de control interno para este periodo, se observó que el reporte del indicador de vulneración de derechos no se presentaron manifestaciones de vulneracion de derechos, se presento un indicador controlado, sin embargo el indicador no supera el 20% de la meta establecida, ya que el porcentaje fue 0% por no presentarse ninguna manifestacion de vulneracion de derechos. | M32: Durante la vigencia de 2025 no se presentaron manifestaciones por presuntas fallas frente al incumplimiento del Código de Integridad por parte de los funcionarios. La entidad realizó la medición de la gestión institucional a través de la formulación y desarrollo de indicadores orientados al sistema de la gestión ética, propuestos en el Código de Conducta y Buen Gobierno. Se cuenta con el Comite de Convivencia laboral en donde se da cumplimiento a los objetivos de la resolución de creación, al quorum y al plan de trabajo establecido para la vigencia 2025. Para el 2025 y hasta septiembre se recibieron un total de 472 manifestaciones de las cuales: 432 son felicitaciones cuyo porcentaje es del 91,5%; Quejas 32 cuyo porcentaje es 6,8%; Peticiones 3 con porcentaje del 0.6%, sugerencias 2 porcentaje del 0.4% y reclamos 2 cuyo porcentaje es del 0.4%. En el periodo analizado enero a septiembre de 2025 se mantuvo la meta e indicador controlado ya que no se superó los 5 días hábiles de respuesta de las manifestaciones., se puede ver un promedio de respuesta de 4 días hábiles promedio de las 40 manifestaciones entre (quejas, solicitudes, peticiones, sugerencias y reclamos) que requirieron respuesta. En este periodo analizado tercer trimestre en donde se encuentran igualmente analizados los dos trimestres anteriores(enero – septiembre 2025), de 1597 usuarios evaluados el 98,12% respondieron la experiencia global como muy buena y buena, manteniendo un indicador controlado ya que la meta establecida está en 95%, manteniendo el resultado de satisfacción con relación a los periodos anteriores. En el desagregado 1235 usuarios respondieron como “muy buena” su experiencia global y 332 calificaron su experiencia como “buena”.
G34: 3
G35: 4
G36: 5
G37: 6
G38: 7
G39: 8
B40: =+LEFT(C40,3) -> 1.2 | C40: 1.2 Mecanismos para el manejo de conflictos de interés. | D40: Dimensión Talento Humano Política Integridad | E40: En la institución se presenta el espacio de concertación y diálogo entre la Gerencia y los sindicatos. La entidad continúa implementando el Código de Integridad acorde con el esquema definido de 5 valores y sus lineamientos de conducta y se desarrollaron ejercicios internos con talleres para la socialización e interiorización a todos los servidores y contratistas de la entidad. | F40: 3 | G40: 1 | H40: Se establece que desde el Programa de Humanización perspectiva funcionario = humanización hacia el funcionario, se establecen estrategias específicas como lo son: Cuidando al Cuidador, el SGSST, Gestión del conocimiento, Gestión de competencias, Fortalecimiento de Cultura | I40: En el periodo comprendido entre enero a junio y de julio a noviembre de 2025, se diò continuidad a potenciar la Cultura Organizacional, el dia 27 de junio se conmemoró el día Nacional del Servidor Público, fecha en la cual se resaltó la labor de los servidores públicos de la institución. Se verificó por Control interno que desde el Talento Humano de la entidad se continúa promoviendo la cultura de integridad en los servidores públicos, lo que permite implementar prácticas preventivas para evitar el interés particular. | J40: 3 | K40: Mantenimiento del control | L40: Al seguimiento de enero a junio y de julio a noviembre de 2025 se continua potenciando la Cultura Organizacional, el dia 27 de junio se conmemoró el día Nacional del Servidor Público, fecha en la cual se resaltó la labor de los servidores públicos de la institución, mediante el desarrollo de jornadas educativas de reflexión para fortalecer el actuar de los servidores públicos y quienes prestan servicios al interior de la entidad, lo que implica y requiere un comportamiento especial, un deber-ser particular, una manera específica de actuar, orientados bajo la cultura de la legalidad y la ética de lo público. En el marco del programa de humanización se han aplicado las prácticas humanizantes basadas en los valores y principios organizacionales durante la ruta de atención del paciente, que permiten mejorar la satisfacción del cliente, evidenciado en el cumplimiento del temario de humanización establecido en el PIC. La institución fortalece los mecanismos para el manejo de conflictos, entre los cuales tenemos los comités institucionales de ética y convivencia laboral los cuales dieron respuesta oportuna a las solicitudes de los funcionarios. El Hospital Departamental Psiquiátrico Universitario del Valle E.S.E., a la fecha tiene suscrito con la Asociación Nacional Sindical de Trabajadores y Servidores Públicos de la Salud, Seguridad Social Integral y Servicios Complementarios Anthoc - Asositrapsi, acuerdo colectivo de trabajo vigencia 2023-2025 donde se concertan condiciones del empleo en el marco de relaciones de respeto entre la entidad y las organizaciones sindicales de empleados públicos, instando a las partes a su cabal cumplimiento en la forma y términos acordados, redundando en un buen clima organizacional. | M40: En el periodo enero a noviembre de 2025, se dió continuidad a potenciar la Cultura Organizacional, en el mes de junio se conmemoró el día Nacional del Servidor Público, fecha en la cual se exalto la labor de cada servidor y servidora pública que, con vocación, compromiso y ética, entrega lo mejor de si al servicio de la salud mental y el bienestar de la comunidad. El objetivo principal de la actividad del Día del Servidor Público es reconocer y valorar la labor de los funcionarios y empleados que trabajan en nuestra institución. Buscando fortalecer el sentido de pertenencia, la eficiencia, la ética y la calidad del servicio público, además de promover la reflexión sobre el papel del servidor público en la sociedad. En el marco del programa de humanización se han aplicado las prácticas humanizantes basadas en los valores y principios organizacionales durante la ruta de atención del paciente, que permiten mejorar la satisfacción del cliente, evidenciado en el cumplimiento del temario de humanización establecido en el PIC. La institución fortalece los mecanismos para el manejo de conflictos, entre los cuales tenemos los comités institucionales de ética y convivencia laboral los cuales establecieron para la vigencia el plan de trabajo anual, sesionando durante la vigencia del enero a agosto dando respuesta oportuna a las solicitudes de los funcionarios.
G41: 2 | H41: El lider de Talento humano presento ante el comité de control interno la Formacion de pensamiento estratégico, dirigido a profesionales y lideres, en el periodo de enero a junio y de julio a noviembre de 2025.
G42: 3
G43: 4
G44: 5
G45: 6
G46: 7
G47: 8
B48: =+LEFT(C48,3) -> 1.3 | C48: 1.3 Mecanismos frente a la detección y prevención del uso inadecuado de información privilegiada u otras situaciones que puedan implicar riesgos para la entidad. | D48: Dimensión Información y Comunicación Política Transparencia y Acceso a la Información Pública Política Gestión Documental | E48: 1. El Hospital cuenta con un acuerdo de confidencialidad para los servidores públicos de la institución, en donde se manifiesta el uso, privacidad y seguridad de la información del hospital. 2. Iguamente la entidad tiene la política de tratamiento y protección de datos personales, la cual es socializada en toda la comunidad hospitalaria. 3. También el hospital creó el manual de seguridad de la información y uso de los recursos informáticos. 4. El HDPUV implementó la Política de Gestión Documental, política que está publicada en transparencia de la página web y en la plataforma documental de la entidad. | F48: 3 | G48: 1 | H48: Ante el Comité de Control interno se evidenció el "Acuerdo de confidencialidad de servidores públicos hospital Departamental Psiquiátrico Universitario del Valle", el cual es firmado al momento del ingreso a laborar con la institución, con la suscripción del contrato el funcionario se compromete al buen uso, privacidad y seguridad de la información de la institución. | I48: Se verificó por control interno que se socializó la politica de seguridad de la información y uso de los recursos informáticos a todos los funcionarios del hospital y el manual de seguirdad de la información y uso de los recursos informáticos a toda la comunidad hospitalaria. Con el apoyo del área de talento humano se continua diligenciando el formato de confidencialidad cada vez que ingresa un nuevo funcionario. Con respecto al PETI, se realizó en el mes de enero de 2025 la actualizacion. | J48: 3 | K48: Deficiencia de control (diseño o ejecución) | L48: Se verificó por control interno que en el perido eneo a noviembre de 2025 a través del área de comunicaciones se socializó la politica de seguridad de la información y el uso de los recursos informáticos a todos los funcionarios del hospital, a través de las carteleras institucionales y el correo y en la inducción realizada a los funcionarios que ingresaron de primera vez. Con el apoyo del área de talento humano se continúa diligenciando el formato de confidencialidad cada vez que ingresa un nuevo funcionario. En el mes de septiembre de 2025 se llevo a cabo la feria de la excelencia en donde el área de sistemas reforzo a los funcionarios del hospital la importancia del cumplimiento de la politica y manual de seguridad de la informacion y uso de los recursos informaticos y su propuesta para la comunidad hospitalaria obtuvo el segundo lugar. | M48: Desde el inicico de la vigencia y hasta el seguimiento a noviembre de 2025 el área de sistemas, participo en la induccion y reinduccion realizada a través de la plataforma moodle propuesta por el área de talento humano en donde se socializó la politica de seguridad de la información, la politica de tratamiento y protección de datos, acuerdo de confidencialidad, manual de seguridad de la información, PETI, tips de seguridad y procedimientos. Con el apoyo del área de comunicaciones durante el periodo enero a noviembre de 2025, se han diseñado y socializado piezas graficas y videos sobre tips de seguridad en el uso de la información. Con el apoyo del área de talento humano se continúa diligenciando el acuerdo de confidencialidad cada vez que ingresa un nuevo funcionario. Se acutalizó el PETI y se conto con el acompañamiento y asesoria de una empresa experta en donde se establecieron 10 proyectos macros a ejecutar entre el 2025 al 2028, este plan fue adoptado bajo la resolucion 059 de enero de 2025.
G49: 2 | H49: Ante el Comité de control interno se presentó el desarrollo y cumplimiento de los objetivos de la "Politica de tratamiento y proteccion de datos personales", cuyo objetivo es recolectar, almacenar, administrar y proteger los datos personales que reciba de las personas que asisten al hospital.
G50: 3 | H50: Ante el Comité de Control Interno se verificó que los contratos tienen una cláusula de acuerdo de confidencialidad el funcionario que ingresa a laborar o el contratista se compromete al acuerdo de confidencialidad de la información.
G51: 4
G52: 5
G53: 6
G54: 7
G55: 8
B56: =+LEFT(C56,3) -> 1.4 | C56: 1.4 La evaluación de las acciones transversales de integridad, mediante el monitoreo permanente de los riesgos de corrupción. | D56: Dimension Talento Humano Politica de Integridad | E56: Se realizó el seguimiento a los controles de los riesgos sicof y Sarlaf identificados en la matriz de riesgos, conforme a lo establecido en la circular 005-5 y 004-5 de la supersalud. En el periodo enero-a junio y de julio a noviembre de 2025 con relación a las vinculaciones durante este periodo se realizaron los respectivos controles con relación a los riesgos de sicof y Sarlaft, conforme a lo establecido en la circular 005-5 de la supersalud, con el seguimiento y observancia del oficial de cumplimiento. El proceso de Talento Humano tiene identificado los riesgos y al seguimiento se observa que no hubo materialización de ningún riesgo por cuanto sus controloes han demostrado ser eficaces. | F56: 3 | G56: 1 | H56: Ante el Comite de coordinación de Control Interno se establececió que los líderes de proceso, realizaron el monitoreo permanente a los riesgos a través de la formulación y cumplimiento a los planes de acción que permiten mejorar controles y manejar los riesgos identificados, de manera que no afecten el cumplimiento de las metas y la no materialización del riesgo. | I56: El proceso de Talento Humano cuenta con riesgos y sus controles, a los cuales se les realizò seguimiento en el periodo comprendido entre enero a junio y de julioa noviembre de 2025, en donde se actualizó el Procedimiento Gestión del Riesgo, para incluir los riesgos clinicos, individuales, sociales y los riesgos fiscales, conforme a las metodologias AMFE y la Versión 6 del DAFP. | J56: 3 | K56: Mantenimiento del control | L56: Durante el seguimiento y hasta noviembre de 2025, se realizó el seguimiento por Control interno a los riesgos identificados en el proceso de Gestión de Talento Humano, se evidenció que durante este periodo no se materializó ningún riesgo inherente a este proceso y al seguimiento del cumplimiento de los controles se evidenció que se revisan y se tiene un control sobre ellos. En conclusión por control interno se resalta que los riesgos identificados en el proceso de Talento Humano han sido monitoreados de manera regular por parte del líder y los funcionarios que integran el proceso, cumpliendo con la observancia de los controles para evitar la materialización del riesgo. | M56: Durante el periodo enero a diciembre de la vigencia 2025, el proceso de Talento Humano tiene identificado los riesgos y al seguimiento se observa que no hubo materialización de ningún riesgo por cuanto sus controles han demostrado ser eficaces.El procedimiento Gestión del Riesgp fue actualizado mediante Acuerdo 017 de agosto 25 de 2025.
G57: 2
G58: 3
G59: 4
G60: 5
G61: 6
G62: 7
G63: 8
B64: =+LEFT(C64,3) -> 1.5 | C64: 1.5 Análisis sobre viabilidad para el establecimiento de una línea de denuncia interna sobre situaciones irregulares o posibles incumplimientos al código de integridad. NOTA: Si la entidad ya cuenta con esta línea en funcionamiento, establecezca si ha aportado para la mejora de los mapas de riesgos o bien en otros ámbitos organizacionales. | D64: Dimensión Direccionamiento Estratégico y Planeación Plan Anticorrupción y de Atención al Ciudadano | E64: La Linea Anticorrupción "Por una gestión transparente" se encuentra operando desde que se puso en marcha y se han tenido en cuenta las denuncias para la mejora continua de los riesgos identificados en los procesos. Durante el periodo enero a junio y de julio a octubre de la vigencia 2025 se tiene un total de 26 manifestaciones entre peticiones, quejas, reclamos, solicitudes y sugerencias de las cuales solo 2 están relacionadas a vulneración de derechos, 12 a prácticas humanizantés, 5 están relacionadas a oportunidad y una (1) a pertinencia. La Línea Anticorrupción. A los derechos de petición se les dió respuesta de manera oportuna y se midió el indicador de las respuestas a las manifestaciones. También se evidenció el reporte de manifestaciones a través de la página web. De igual forma y al seguimiento en el tercer trimestre de la vigencia 2025 se recibieron un total de 472 manifestaciones de las cuales: 432 son felicitaciones cuyo porcentaje es del 91,5%; Quejas 32 cuyo porcentaje es 6,8%; Peticiones 3 con porcentaje del 0.6%, sugerencias 2 porcentaje del 0.4% y reclamos 2 cuyo porcentaje es del 0.4%. | F64: 3 | G64: 1 | H64: Se presentó ante el Comité de Coordinacion de control interno el seguimiento del Plan Anticorrupcion y atención la ciuadadano. Se evidenció la matríz de seguimiento y se encuentra publicado en página web. | I64: Al seguimiento por control interno se verificò que se cuenta con la linea de denuncia interna denominada LINEA ANTICORRUPCION "Por una gestión transparente" y èsta se encuentra operando. Igualmente se evidenciò que los comités de ética hospitalaria y humanización de la atención en el periodo enero a junio y de julio a noviembre de 2025, han cumplido con la periodicidad, quorum y con el plan de trabajo de acuerdo a lo establecido en la Resoluciòn de creaciòn para ellos. Igualmente se verificó que la informaciòn recepcionada por los canales de comunicaciòn dispuestos por la entidad para las PQRS, fue evaluada y se le diò respuesta oportuna a las manifestaciones y estas fueron fueron publicadas en la pàgina web de la entidad en la pestaña de transparencia. Las quejas que involucran funcionarios de la entidad fueron resueltas y puestas en conocimiento del lider de proceso al que pertenecen. | J64: 3 | K64: Deficiencia de control (diseño o ejecución) | L64: Al seguimiento hasta noviembre de 2025 se evidenció que los comités de ética hospitalaria y humanización de la atención se encuentran operando y cumpliendo con la periodicidad. En el comité de humanización se realizó el análisis de las manifestaciones con corte trimestral, información que es presentada por el proceso de SIAU. La información de las manifestaciones relacionadas con vulneración de derechos de los pacientes es presentada y analizada en el comité de ética hospitalaria. Los derechos de petición son respondidos de manera oportuna y se mide el indicador de las respuestas a las manifestaciones. También se evidenció el reporte de manifestaciones a través de la página web. La LINEA ANTICORRUPCION "Por una gestión transparente" se encuentra operando. Los comités de ética hospitalaria y humanización han cumplido sus planes de trabajo y periocidad de reuniones, se continúa el monitoreo de las manifestaciones relacionadas con vulneración de derechos de los pacientes es presentada y analizada en el comité de ética hospitalaria. A los derechos de petición se les dió respuesta de manera oportuna y se midió el indicador de las respuestas a las manifestaciones. También se evidenció el reporte de manifestaciones a través de la página web. La LINEA ANTICORRUPCION "Por una gestión transparente" y se encuentra operando. | M64: 1. Se observa por Control Interno que los comités de Ética hospitalaria y Humanización, el seguimiento se realizó en la plataforma de ALMERA, plataforma que permite realizar en tiempo real el seguimieto al cumplimiento de la periodicidad, asistencia y el cumplimiento de sus objetivos. Igualmente en el comité de Humanización se trataron las manifestaciones relacionadas con la vulneracion de derechos de los pacientes que fueron 2. Durante el primer semestre de (enero-junio) de la vigencia 2025 se tiene un total de 26 manifestaciones entre peticiones, quejas, reclamos, solicitudes y sugerencias de las cuales solo 2 están relacionadas a vulneración de derechos 12 a prácticas humanizantés, 5 están relacionadas a oportunidad y una (1) a pertinencia. Igualmente en el trimestre agosto a octubre de 2025 se recibieron un total de 472 manifestaciones de las cuales: 432 son felicitaciones cuyo porcentaje es del 91,5%; Quejas 32 cuyo porcentaje es 6,8%; Peticiones 3 con porcentaje del 0.6%, sugerencias 2 porcentaje del 0.4% y reclamos 2 cuyo porcentaje es del 0.4%. 3. Igualmente para el 2025 y hasta septiembre se recibieron un total de 472 manifestaciones de las cuales: 432 son felicitaciones cuyo porcentaje es del 91,5%; Quejas 32 cuyo porcentaje es 6,8%; Peticiones 3 con porcentaje del 0.6%, sugerencias 2 porcentaje del 0.4% y reclamos 2 cuyo porcentaje es del 0.4%. En el periodo analizado enero a septiembre de 2025 se mantuvo la meta e indicador controlado ya que no se superó los 5 días hábiles de respuesta de las manifestaciones, se puede ver un promedio de respuesta de 4 días hábiles promedio de las 40 manifestaciones entre (quejas, solicitudes, peticiones, sugerencias y reclamos) que requirieron respuesta. En este periodo analizado de enero a septiembre 2025, de 1597 usuarios evaluados el 98,12% respondieron la experiencia global como muy buena y buena, manteniendo un indicador controlado ya que la meta establecida está en 95%, manteniendo el resultado de satisfacción con relación a los periodos anteriores. En el desagregado 1235 usuarios respondieron como “muy buena” su experiencia global y 332 calificaron su experiencia como “buena”. 4. La Línea Anticorrupción "Por una gestión transparente" se encuentra operando. A los derechos de petición se les dió respuesta de manera oportuna y se midió el indicador de las respuestas a las manifestaciones. También se evidenció el reporte de manifestaciones a través de la página web. La Línea Anticorrupción"Por una gestión transparente" y se encuentra operando.
G65: 2 | H65: Se establece que en los comités de Etica y Humanización se realiza el análisis de las manifestaciones o quejas de acuerdo a la competencia de las mismas. Los Derechos de petición se responden de manera oportuna y son publicados en la página de la entidad asi como las manifestaciones y Quejas.
G66: 3
G67: 4
G68: 5
G69: 6
G70: 7
G71: 8
C72: Lineamiento 2: Aplicación de mecanismos para ejercer una adecuada supervisión del Sistema de Control Interno | D72: DIMENSIÓN O POLÍTICA DEL MIPG ASOCIADA AL REQUERIMIENTO | E72: Explicación de cómo la Entidad evidencia que está dando respuesta al requerimiento Referencia a Procesos, Manuales/Políticas de Operación/Procedimientos/Instructivos u otros desarrollos que den cuente de su aplicación | F72: Presente (1/2/3) | J72: Funcionando (1/2/3) | K72: Evaluación
G73: No. | H73: Referencia a Análisis y verificaciones en el marco del Comité Institucional de Coordinación de Control Interno | I73: Referencia de la evaluacion independiente por parte de la Oficina de Control Interno o quien haga sus veces | L73: Observaciones de la evaluacion independiente (tener encuenta papel de líneas de defensa a diciembre de 2025 | M73: Observaciones de la evaluacion independiente (tener encuenta papel de líneas de defensa de Enero a junio y de julio a diciembre de 2025
B75: =+LEFT(C75,3) -> 2.1 | C75: 2.1 Creación o actualización del Comité Institucional de Coordinación de Control Interno (incluye ajustes en periodicidad para reunión, articulación con el Comité Institucioanl de Gestión y Desempeño). | D75: Dimension Control Interno Politica de Control Interno | E75: El Comité de Coordinación de Control interno tiene una periodicidad de manera cuatrimestral en donde la línea estratégica, revisa e imparte las directrices para que se cumpla con el desarrollo el Modelo Integrado de Planeacion y de Gestión. MIPG. El Comité sesiona dando cumplimiento a la Resolución de creación y se trabaja articuladamente con el comité de gestión y desempeño. | F75: 3 | G75: 1 | H75: En el Comité de Coordinaciòn de Control interno se revisa el cumplimiento y desarrollo de los objetivos establecidos en la resolución de creación, impartiendo las directrices atinentes al desarrollo e implementación del Sistema de Control Interno con el desarrollo de las dimensiones y componentes del MIPG y MECI. | I75: Se verificó que en el periodo comprendido entre enero-agosto de 2025, el comité de coordinación de control interno ha venido cumpliendo con la periodicidad ( cuatrimestral) y con el cumplimiento de los objetivos establecidos en la resoluciòn de creación. Se trabajó de manera articulada con el Comité de gestión y desempeño en donde se observó que se trabajó en el cumplimiento y desarrollo del MIPG para que la entidad avanzara en cada uno de sus procesos con la implementación del SCI. | J75: 3 | K75: Mantenimiento del control | L75: De acuerdo a lo establecido en la resoluciòn de creaciòn del Comité Institucional de coordinaciòn de control ha sesionado en 3 oportunidades, cumpliendo con la periodicidad, quorum y con el desarrollo de los objetivos de acuerdo al plan de trabajo, dando a conocer a los integrantes del comitè los avances y logros del desarrollo del plan de acciòn aprobado al incio de la vigencia 2025. Varias de las acciones fueron trazables con el Comité de Gestiòn y Desempeño. El Comité de Coordinación de Control Interno impartió directrices en materia del desarrollo del Modelo Integrado de Planeaciòn y de Gestiòn verificando que se cumpla con la ejecución de todas las dimensiones en cada uno de los procesos del hospital y se trabajó articuladamente con el Comité de Gestión y Desempeño en la presentación del formulario Furag | M75: El Comité de Coordinación de Control Interno impartió directrices en materia del desarrollo del Modelo Integrado de Planeaciòn y de Gestiòn verificando que se cumpla con la ejecución de todas las dimensiones en cada uno de los procesos del hospital y se trabajó articuladamente con el Comité de Gestión y Desempeño en la presentación del formulario Furag en donde se obtuvo una calificación de 99.5 de cumplimiento, en donde el desarrollo del MECI en la entidad ocupo el puesto 1 entre 5766, ubicandonos en el quintil 5. De acuerdo a lo establecido en la resoluciòn de creaciòn del Comité Institucional de coordinaciòn de control interno en la vigencia 2025, el comité ha sesionado hasta diciembre de 2025 en 4 oportunidades cumpliendo con la periodicidad, quorum y con el desarrollo de los objetivos de acuerdo al plan de trabajo, dando a conocer a los integrantes del comitè los avances del desarrollo del plan de acciòn aprobado al incio de la vigencia 2025. Varias de las acciones fueron trazables con el Comité de Gestiòn y Desempeño.
G76: 2 | H76: El asesor de Control interno es invitado permanente al Comité de Coordinación de Control interno en donde verifica que se estén cumpliendo con los objetivos del comité y que se articulen los diferentes compromisos adquiridos con el Comite de Gestión y Desempeño.
G77: 3
G78: 4
G79: 5
G80: 6
G81: 7
G82: 8
B83: =+LEFT(C83,3) -> 2.2 | C83: 2.2 Definición y documentación del Esquema de Líneas de Defensa | D83: Dimension Control Interno Politica de Control Interno Lineas de defensa | E83: En desarrollo de la Dimensión de Control interno la entidad tiene identificadas las responsabilidades asignadas a las líneas de defensa, en donde esta estructura determina el desarrollo del MIPG y en primera instancia permitirá a través de su esquema de líneas de defensa definir la responsabilidad y autoridad frente al control y frente a los 5 componentes, estableciendo al interior de las entidad, la efectividad de los controles diseñados desde la estructura de las demás dimensiones de MIPG. | F83: 3 | G83: 1 | H83: El Comité de Coordinación de Control interno tiene definida cuales son las lineas de defensa y las responsabilidades a desarrollar en cada una de ellas, para el desarrollo efectivo del SCI. Dentro de la funciones las tres líneas de defensa son más efectivas cuando se adaptan para ajustarse al cumplimiento de las metas establecidas en el PDI del HDPUV. La alta dirección y la auditoría interna, tienen distintas responsabilidades, pero todas las actividades deben estar alineadas con los objetivos del hospital y esto se logra con una coherencia exitosa en la coordinación, colaboración y comunicación regulares y eficaces entre los procesos del hospital. | I83: 1. Las lineas de defensa del Modelo integrado de planeaciòn y de gestiòn se vienen desarrollando en cada uno de los procesos y la entidad obtuvo el primer puesto entre 3371 entidades territoriales, con un 93,6 de indice de desempeño institucional, ubicada en el quintil 5 como una de las entidades con más alto indice de desempeño institucional en el 2025. Igualmente el indice de desempeño de la séptima dimensión de control interno fue del 99.5 de cumplimiento, en donde el desarrollo del MECI en la entidad ocupo el puesto 1 entre 5766, ubicandonos en el quintil 5. 2. Control interno verificó que la responsabilidad asignada a la línea estratégica estuviese centrada en la revisión, validación y supervisión del cumplimiento de políticas en materia de control interno, gestión del riesgo, seguimientos a la gestión y auditoría interna del hospital, evidenciando una madurez en el desarrollo de las dimensiones y componentes del SCI | J83: 3 | K83: Deficiencia de control (diseño o ejecución) | L83: La séptima dimensión al seguimiento y hasta noviembre de la vigencia 2025 ha cumplido y desarrollo a cabalidad los componentes del MECI, identificando las debilidades en cada uno de los procesos y trabajando en el plan de mejoramiento para un cabal cumplimiento de las mismas, asegurando la ejecución de las políticas y la gestión en cada una de las dimensiones y seguir avanzando a una excelente gestón administrativa, cumpliendo con todas las dimensiones del MIPG, dado que ocupamos el primer puesto a nivel nacional ubicandonos en el quintil 5, de acuerdo a los resultados del FURAG 2025. | M83: El desarrollo de la Séptima Dimensión del MIPG al seguimiento de enero a noviembre de 2025, se verificó que se ha venido cumpliendo con el desarrollo de los componentres del MECI, en donde claramente se pueden evidenciar las fortalezas y las debilidades de cada uno de ellos, asegurando la aplicación y desarrollo de las politicas. Por ello la Calificicación del formulario FURAG de la vigencia 2025, las actividades efectivas del componente de Actividades de control fue del 100% como se evidencia en la pagina del FURAG y la evaluación indepenciente del sistema de control interno obtuvo el 99.5 de cumplimiento, en donde el desarrollo del MECI en la entidad ocupo el puesto 1 entre 5766, ubicandonos en el quintil 5.
G84: 2
G85: 3
G86: 4
G87: 5
G88: 6
G89: 7
G90: 8
B91: =+LEFT(C91,3) -> 2.3 | C91: 2.3 Definición de líneas de reporte en temas clave para la toma de decisiones, atendiendo el Esquema de Líneas de Defensa | D91: Dimension Control Interno Politica de Control Interno Linea de Defensa Dimension de Informaciòn y Comunicaciòn | E91: Las líneas de defensa establecidas en el modelo integrado de planeación y de gestión MIPG, se articulan para la toma de decisiones y así llevar a la entidad a la consecución de la acreditación y certificación como así lo ha logrado . Es por ello que la línea estratégica imparte las directrices y asegura el cumplimiento de los roles de la primera, segunda y tercera líneas de defensa para el logro de los objetivos trazados en el PDI. | F91: 3 | G91: 1 | H91: En el Comité de Control interno revisa el cumplimiento de la política de Control Interno, instrumento clave para el desarrollo del SCI en la entidad. | I91: Las lineas de defensa establecidas en el modelo integrado de planeación y de gestión se articulan para la toma de decisiones y así llevar a la entidad a la conservaciòn de la acreditación y certificación como así lo ha logrado . Es por ello que la línea estratégica imparte las directrices y asegura el cumplimiento de los roles de la primera, segunda y tercera líneas de defensa para el logro de los objetivos trazados en el Plan de desarrollo Institucional. | J91: 3 | K91: Deficiencia de control (diseño o ejecución) | L91: Control interno evidencia que se contínúa trabajando en el desarrollo de las líneas de defensa del MIPG, éstas se articularon para la toma de decisiones, permitiendo que la entidad conserve la Certificación del Sistema de Gestión de Calidad bajo la NTC ISO 9001:2015, Sistema de Gestión Ambiental bajo la NTC ISO 14001:2015 y el Sistema de Gestión de la Seguridad y Salud en el Trabajo bajo la NTC ISO 45001:2018, cabe anotar que el ciclo 9 de autoevaluación finaliza en el mes de septiembre de 2025. . Control interno evidenció que al seguimiento y hasta noviembre de 2025, se contínuó trabajando en el desarrollo de las líneas de defensa del MIPG, éstas se encuentran articuladas con los sistemas de gestión que tiene implementados el hospital como el sistema único de acreditación y el sistema integrado de gestión. | M91: La gestión de las dimensiones del MIPG fue satisfactorio por cuanto se evidencia el desarrollo de cada una de las politicas y demás actividades que contiene cada dimensión. Esta acertada gestión posicionó al Hospital Departamental Psiquiatrico Universitario del Valle en el primer lugar en la calificación del FURAG en la vigencia 2025, obteniendo un primer puesto entre 3371 entidades territoriales, con un 93,6 de indice de desempeño institucional, ubicada en el quintil 5 como una de las entidades con más alto indice de desempeño institucional. Igualmente el indice de desempeño de la séptima dimensión de control interno fue del 99.5 de cumplimiento, en donde el desarrollo del MECI en la entidad ocupo el puesto 1 entre 5766, ubicandonos en el quintil 5. También es importante resaltar que Control interno evidenció que la entidad mantiene la Certificación del Sistema de Gestión de Calidad bajo la NTC ISO 9001:2015, Sistema de Gestión Ambiental bajo la NTC ISO 14001:2015 y el Sistema de Gestión de la Seguridad y Salud en el Trabajo bajo la NTC ISO 45001:2018, cabe anotar que el ciclo 9 de autoevaluación finaliza en el mes de septiembre de 2025.
G92: 2 | H92: El Comité de Coordinación de Control Interno imparte directrices tendientes al desarrollo y aplicabilidad del SCI en el hospital Departamental Psiquiatrico Universitario del Valle
G93: 3 | H93: El Comité de Control interno le informa a la los líderes de proceso los aspectos que estén afectando el alcance de los logros en desarrollo del sistema de control interno.
G94: 4 | H94: En el Comité de coordinación de control interno se evalúan los riesgos de los diferentes procesos y revisa sus controles para evitar la matrialización y la consecución de logros establecidos en el PDI y que afectan el alcance del SCI.
G95: 5
G96: 6
G97: 7
G98: 8
C99: Lineamiento 3: Establece la planeación estratégica con responsables, metas, tiempos que faciliten el seguimiento y aplicación de controles que garanticen de forma razonable su cumplimiento. Así mismo a partir de la política de riesgo, establecer sistemas de gestión de riesgos y las responsabilidades para controlar riesgos específicos bajo la supervisión de la alta dirección. | D99: DIMENSIÓN O POLÍTICA DEL MIPG ASOCIADA AL REQUERIMIENTO | E99: Explicación de cómo la Entidad evidencia que está dando respuesta al requerimiento Referencia a Procesos, Manuales/Políticas de Operación/Procedimientos/Instructivos u otros desarrollos que den cuente de su aplicación | F99: Presente (1/2/3) | G99: EVIDENCIA DEL CONTROL | J99: Funcionando (1/2/3) | K99: Evaluación | L99: Observaciones de la evaluacion independiente (tener encuenta papel de líneas de enero a junio y de julio a diciembre de 2025
G100: No. | H100: Referencia a Análisis y verificaciones en el marco del Comité Institucional de Coordinación de Control Interno | I100: Referencia de la evaluacion independiente por parte de la Oficina de Control Interno o quien haga sus veces | M100: Observaciones de la evaluacion independiente (tener encuenta papel de líneas de defensa de Enero a junio y de julio a diciembre de 2025
B102: =+LEFT(C102,3) -> 3.1 | C102: 3.1 Definición y evaluación de la Política de Administración del Riesgo (Acorde con lineamientos de la Guía para la Administración del Riesgo de Gestión y Corrupción y Diseño de Controles en Entidades Públicas). La evaluación debe considerar su aplicación en la entidad, cambios en el entorno que puedan defnir ajustes, dificultades para su desarrollo. | D102: Dimension de Direccionamiento Estrategico y Planeaciòn Politica de Planeaciòn Institucional Dimension Control Interno | E102: En el periodo enero a junio y de julio a noviembre de 2025 se realizó el seguimiento a los riesgos Institucioneales y a los riesgos Sicof t Sarlaft y se presentó informe a la junta directiva. En este periodo la efectivididad de los controles esta por encima del 96% y ha evitado su materialización | F102: 3 | G102: 1 | H102: En el comité de coordinacion de control interno se presentó el seguimiento de la matríz de riesgos y el cumplimiento de la politica y procedimiento de la gestión del riesgo. | I102: El asesor de control interno realizó el seguimiento a los riesgos de los diferentes procesos del HDPUV. Igualmente se verificò la efectividad de los controles y se analizaron los riesgos que se materializaron. | J102: 3 | K102: Mantenimiento del control | L102: El asesor de Control interno realizó en el periodo enero a junio y de julio a noviembre de 2025 el seguimiento a los riesgos institucionales y éstos fueron debidamente socializados en el comité de control interno y gestión y desempeño, en donde se observó que se viene cumpliendo en general con los controles establecidos para cada uno de los riesgos identificados en los procesos. Igualmente con los riesgos que se han materializado como por ejemplo el de caidas y evasión de pacientes éstos han disminuido en el indicador debido a la buena ejecución de los controles. Ante la junta directiva se presentó informe de los riesgos SICOF y SARLAF por control interno. | M102: Se estableció por control interno que la gestiòn de los riesgos del HDPUV es evaluada de manera semestral como lo establece el procedimiento, en la vigencia 2025 se ajustó el procedimiento gestión del riesgo en donde se incluyeron los riesgos fiscales y los riesgos clinicos, individuales y sociales, los primeros se identificaran con la metodologia del DAFP y los segundos se identificaran con la metodologia AMFE. Este ajuste se realizó por Acuerdo 017 de agosto 25 de 2025 aprobado por la Junta Directiva
G103: 2 | H103: En el comité de Control interno se verificó el cumplimiento y desarrollo de los objetivos trazados en el procedimiento de riesgos, y se reliazó el seguimiento a los riesgos acorde a los lineamientos establecidos para ello.
G104: 3 | H104: En el Comité de coordinación de control interno se revisa el cumplimiento a los controles de los riesgos institucionales.
G105: 4
G106: 5
G107: 6
G108: 7
G109: 8
B110: =+LEFT(C110,3) -> 3.2 | C110: 3.2 La Alta Dirección frente a la política de Administración del Riesgo definen los niveles de aceptación del riesgo, teniendo en cuenta cada uno de los objetivos establecidos. | D110: Dimension Control Interno Politica de Control Interno Linea Estrategica | E110: Desde la alta dirección a través del Comité de Coordinación de Control Interno, se imparten las directrices para la gestión del riesgo, en este orden en el periodo enero a junio y de julio a noviembre de 2025 se revisaron los controles y se ajusto el procedimiento gestión del riesgo, en donde se estableció que se deben identificar riesgos fiscales con la metodologia DAFP y los riesgos clinicos, individuales y sociales con la metodologia AMFE. | F110: 3 | G110: 1 | H110: En el Comité de Coordinacion de Control Interno se evalúa la eficacia del procedimiento, la politica y el Manual para la gestión del Riesgo. | I110: Contol interno verificó que las matrices de riesgos se hayan actualizado conforme a lo establecido en la metodología del DAFP adoptada en el procedimiento de la gestión del riesgo. Se realizó el seguimiento a los riesgos en el periodo enero a junio y de julio a noviembre de 2025 y se evaluaron los controles en donde se verificó que la gestión de los controles se estuviesen cumpliendo, para evitar su materialización. | J110: 3 | K110: Mantenimiento del control | L110: Con el asesoramiento de control interno para el periodo enero a junio y de julio a noviembre de 2025 se han realizado el seguimiento correspondiente al primer semestre y un seguimiento de julio a noviembre de 2025, dado que de los riesgos en cada uno de los procesos, en donde se observó que se rralizó ajuste al procedimiento de la gestión del riesgo por acuerdo en el mes de agosto de 2025, procedimiento que establece los lineamientos para identificar los riesgos fiscales con la metodologia del DAFP y los riesgos clinicos, individuales y sociales con la metodologia AMFE | M110: Al seguimiento por control interno a la gestión del riesgo de enero a diciembre de 2025, se verificó que se realizaron modificaciones al procedimiento de la gestión del riesgo en el Acuerdo 006 del 21 de abril de 2025, en donde se incluyeron los riesgos clinicos, individuales y sociales asi como los riesgos fiscales. De otra lado a través del Acuerdo 017 del 25 de agosto de 2025 se realizó un nuevo ajuste al procedimiento de la gestión del riesgo, para incluir la metodología AMFE con la que se iba a gestionar los riesgos clinicos, individuales y sociales y los riesgos Fiscales con la metodologia del DAFP versión 6, los demás riesgos institucionales seguiran siendo gestionados con la metodologia del DAFP.
G111: 2 | H111: En el Comité a través de la línea estratégica se revisan los riesgos para impartir directrices y evitar su materialización.
G112: 3
G113: 4
G114: 5
G115: 6
G116: 7
G117: 8
B118: =+LEFT(C118,3) -> 3.3 | C118: 3.3 Evaluación de la planeación estratégica, considerando alertas frente a posibles incumplimientos, necesidades de recursos, cambios en el entorno que puedan afectar su desarrollo, entre otros aspectos que garanticen de forma razonable su cumplimiento. | D118: Diimensiòn Evaluacion de Resultados Politica de Seguimiento y Evaluaciòn al Desempeño Institucional Dimension Control Interno Lineas de defensa | E118: Durante el periodo enero a junio y de julio a noviembre de 2025 se presentaron ante el comité de gerencia, comité de gestión y desempeño y en junta directiva los avances al Plan de Desarrollo de la presente vigencia fiscal. De igual forma se han presentado los diferentes informes de producción e indicadores de avance al cumplimiento de las metas del PDI. | F118: 3 | G118: 1 | H118: La línea estratégica analiza el indicador de cumplimiento de las metas trasadas en el Plan Estratégico y desde ahí se imparten las directrices a seguir. El seguimiento al cumplimiento de los objetivos del PDI son presentados a la Junta Directiva de manera bimensual o extraordinario cuando se requiera. | I118: Se verifica que en el periodo enero a noviembre de 2025 se han realizado los seguimientos al plan de desarrollo institucional y el seguimiento esta consignado en actas del comitè de gerencia y en las actas de junta directiva. Igualmente se socializò el avance en la rendición de cuentas publicas, realizada en el primer semestre de la vigencia 2025. | J118: 3 | K118: Mantenimiento del control | L118: Al seguimiento por control interno se verificó que el Hospital Departamental Psiquiátrico Universitario del Valle, realizó su planeación através del Plan Operativo Anual (POA), en concordancia con los objetivos institucionales, las metas estratégicas y los compromisos establecidos en el Plan de Desarrollo para la vigencia 2025. En este orden de ideas se verificó por Control Interno que se han realizado los seguimientos al desarrollo del POA y han quedado establecidos en las actas del comité de gerencia, en el Comité de Gestion y Desempeño, Junta Directiva y comunidad en general. | M118: Se estableció por control interno que mediante Acuerdo 003 del 17 de febrero de 2025 la Junta directiva del hospital aprobo el POA Institucional para la vigencia 2025, mediante Acuerdo No. 007 de abril 21 de 2025, se realizó un ajuste al POA y POAI en consideración a un ajuste presupuestal. De igual forma se han presentado los informes de avances en el POA institucional de manera trimestral ante el comité de gerencia y junta directiva, para lo cual se obtienen los siguientes avances con corte a noviembre de 2025: un cumplimiento del 92% respecto a una meta proyectada del 82.5% reflejado en cada una de las líneas estrategicas como se detalla a continuación: Linea estrategica de salud mental con excelencia presenta un cumplimiento del 93%, Mejoramiento Institucional 92%, Fortalecimiento de las capacidades institucionales 90%, Docencia servicio e Investigación 94% y sostenibilidad y rentabilidad financiera el 91%
G119: 2 | H119: La línea estratégica revisa el cumplimiento a la ejecución del PDI y revisa los planes de mejoramiento dejados por el ente acreditador y revisa cada uno de los estándares
G120: 3 | H120: En el Comité de Coordinación de Control interno se presentan los anvances al POA para su análisis. Se presenta el avance al cumplimiento del Plan de Desarrollo de la vigencia 2023.
G121: 4
G122: 5
...

Sheet Evaluación de riesgos
C10: EVALUACIÓN DE RIESGOS
C11: Este componente hace referencia al ejercicio efectuado bajo el liderazgo del equipo directivo y de todos los servidores de la entidad, y permite identificar, evaluar y gestionar eventos potenciales, tanto internos como externos, que puedan afectar el logro de los objetivos institucionales. La condición para la evaluación de riesgos es el establecimiento de objetivos, vinculados a varios niveles de la entidad, lo que implica que la Alta Dirección define objetivos y los agrupa en categorías en todos los niveles de la entidad, con el fin de evaluarlos
B13: ID | C13: Lineamiento 6: Definición de objetivos con suficiente claridad para identificar y evaluar los riesgos relacionados: i)Estratégicos; ii)Operativos; iii)Legales y Presupuestales; iv)De Información Financiera y no Financiera. | D13: DIMENSIÓN O POLÍTICA DEL MIPG ASOCIADA AL REQUERIMIENTO | E13: Explicación de cómo la Entidad evidencia que está dando respuesta al requerimiento Referencia a Procesos, Manuales/Políticas de Operación/Procedimientos/Instructivos u otros desarrollos que den cuente de su aplicación | F13: Presente (1/2/3) | G13: EVIDENCIA DEL CONTROL | J13: Funcionando (1/2/3) | K13: Evaluación
G14: No. | H14: Referencia a Análisis y verificaciones en el marco del Comité Institucional de Coordinación de Control Interno | I14: Observaciones de la evaluacion independiente (tener encuenta papel de líneas de defensa)
B16: =+LEFT(C16,3) -> 6.1 | C16: 6.1 La Entidad cuenta con mecanismos para vincular o relacionar el plan estratégico con los objetivos estratégicos y estos a su vez con los objetivos operativos. | D16: Dimension de Direccionamiento Estratetegico y Planeacion. Politica de Planeacion Institucional | E16: Durante la vigencia y hasta noviembre de 2025 se presentaron ante el comité de gerencia, comité de gestión y desempeño y en junta directiva los avances al Plan de Desarrollo de la presente vigencia fiscal. De igual forma se han presentado los diferentes informes de producción e indicadores de avance al cumplimiento de las metas del PDI. Igualmente se formulo y aprobo el nuevo Plan de Desarrollo Institucional en el cual se presentaron las líneas estratégicas del Plan de Desarrollo Institucional 2024 - 2028 denominado “Comprometidos con la excelencia en salud”: LÍNEA ESTRATÉGICA 1. SALUD MENTAL CON EXCELENCIA LÍNEA ESTRATÉGICA 2. MEJORAMIENTO INSTITUCIONAL LÍNEA ESTRATÉGICA 3. FORTALECIMIENTO Y CAPACIDADES INSTITUCIONALES LÍNEA ESTRATÉGICA 4. DOCENCIA E INVESTIGACIÓN LÍNEA ESTRATÉGICA 5. SOSTENIBILIDAD Y RENTABILIDAD FINANCIERA | F16: 3 | G16: 1 | H16: En el marco del comité de control interno se presento el plan de desarrollo 2024-2028 denominado Comprometidos con la Excelencia en Salud. | I16: Durante el periodo enero-noviembre se ha evidenciado la debida planificación del POA de la vigencia 2025, esto acorde a los objetivos institucionales y a las lineas estratégicas del plan de desarrollo 2024-2028, se han realizado los respectivos seguimientos y fueron presentados en comité de gerencia y junta directiva. Se evidencian los siguientes resultados a noviembre de 2025: un cumplimiento del 92% respecto a la meta proyectada reflejado en cada una de las líneas estrategicas como se detalla a continuación: Linea estrategica de salud mental con excelencia presenta un cumplimiento del 93%, Mejoramiento Institucional 92%, Fortalecimiento de las capacidades institucionales 90%, Docencia servicio e Investigación 94% y sostenibilidad y rentabilidad financiera el 91% | J16: 3 | K16: =+IF(OR(ISBLANK(F16),ISBLANK(J16)),"",IF(OR(AND(F16=1,J16=1),AND(F16=1,J16=2),AND(F16=1,J16=3)),"Deficiencia de control mayor (diseño y ejecución)",IF(OR(AND(F16=2,J16=2),AND(F16=3,J16=1),AND(F16=3,J16=2),AND(F16=2,J16=1)),"Deficiencia de control (diseño o ejecución)",IF(AND(F16=2,J16=3),"Oportunidad de mejora","Mantenimiento del control")))) -> Mantenimiento del control | L16: =+IF(K16="",75,IF(K16="Deficiencia de control mayor (diseño y ejecución)",80,IF(K16="Deficiencia de control (diseño o ejecución)",100,IF(K16="Oportunidad de mejora",120,140)))) -> 140 | M16: 1.7896 | N16: =+L16+M16 -> 141.7896
G17: 2 | H17: En el Comité de Control interno se revisaran los indicadores de las metas del Plan de Desarrollo Institucional.
G18: 3
G19: 4
G20: 5
G21: 6
G22: 7
G23: 8
B24: =+LEFT(C24,3) -> 6.2 | C24: 6.2 Los objetivos de los procesos, programas o proyectos (según aplique) que están definidos, son específicos, medibles, alcanzables, relevantes, delimitados en el tiempo. | D24: Dimension de Gestion con Valores para Resultado Politica de Fortalecimiento Organizacional y Simplificaciòn de Procesos | E24: Durante el periodo enero- noviembre de 2025 se revisaron los indicadores de los diferentes procesos institucionales y su articulación con los objetivos estratégicos y de calidad. El Hospital cuenta con un modelo de operación por procesos certificado con la NTC ISO 9001:2015 y cuenta con las caracterizaciones de los procesos donde se incluye el objetivo del proceso, su cadena de valor y los indicadores de gestión que se alinean con los objetivos estratégicos y de calidad. | F24: 3 | G24: 1 | H24: Durante el periodo enero-noviembre de 2025, se adelantó la revisión de la plataforma estratégica y se revisó la ejecución del plan de desarrollo 2024-2028 en el Comite de gerencia. | I24: Al seguimiento del período enero a diciembre de 2025, se verificó que el hospital tiene establecida una metodología de mejoramiento institucional, en la que las políticas, programas, procesos, procedimientos, guías y protocolos tienen definidos objetivos claros, medibles, alcanzables y delimitados en el tiempo. Así mismo se identifica que en el Plan de Desarrollo Institucional 2024-2028 COMPROMETIDOS CON LA EXCELENCIA EN SALUD, se formularon 5 líneas estratégicas que tambien cuentan con sus respectivos objetivos. El cumplimiento del avance de estos objetivos son presentados en el Comité de gerencia y Junta directiva para la toma de decisiones. | J24: 3 | K24: =+IF(OR(ISBLANK(F24),ISBLANK(J24)),"",IF(OR(AND(F24=1,J24=1),AND(F24=1,J24=2),AND(F24=1,J24=3)),"Deficiencia de control mayor (diseño y ejecución)",IF(OR(AND(F24=2,J24=2),AND(F24=3,J24=1),AND(F24=3,J24=2),AND(F24=2,J24=1)),"Deficiencia de control (diseño o ejecución)",IF(AND(F24=2,J24=3),"Oportunidad de mejora","Mantenimiento del control")))) -> Mantenimiento del control | L24: =+IF(K24="",75,IF(K24="Deficiencia de control mayor (diseño y ejecución)",80,IF(K24="Deficiencia de control (diseño o ejecución)",100,IF(K24="Oportunidad de mejora",120,140)))) -> 140 | M24: 1.8896 | N24: =+L24+M24 -> 141.8896
G25: 2 | H25: En los 3 trimestres de la vigencia 2025 se ha realizado el seguimiento a los planes de mejoramiento de acreditación y sistema integrado de gestión, en donde se recibió al ente acreditador ICONTEC.
G26: 3 | H26: La línea estratégica verificó que se realizará el seguimiento a los avances de los planes de mejoramiento para la acreditación, sistemas integrados de gestión y el cumplimiento de los mismos.
G27: 4
G28: 5
G29: 6
G30: 7
G31: 8
B32: =+LEFT(C32,3) -> 6.3 | C32: 6.3 La Alta Dirección evalúa periódicamente los objetivos establecidos para asegurar que estos continúan siendo consistentes y apropiados para la Entidad. | D32: Dimension de Direccionamiento Estratetegico y Planeacion. Politica de Planeacion Institucional Dimension Control Interno Linea Estrategica | E32: Durante el periodo enero-noviembre de 2025, se realizó seguimiento al cumplimiento de las metas establecidas en el Plan de desarrollo y el avance del Plan Operativo para la vigencia 2025, asi mismo el seguimietno de los indicadores establecidos en os diferentes programas y subprogramas. | F32: 3 | G32: 1 | H32: La línea estratégica en coordinación con la primera y segunda línea de defensa, hicieron seguimiento al POA y verificaron que se estuviesen cumpliendo con los planes de mejoramiento. | I32: La oficina asesora de planeacion ha venido desarrollando y realizando seguimientos al cumplimiento de la planeación estratégica del hospital, en donde se puede destacar que mediante Acuerdo 003 del 17 de febrero de 2025 la Junta directiva del hospital aprobo el POA Institucional para la vigencia 2025, mediante Acuerdo No. 007 de abril 21 de 2025 y se realizó un ajuste al POA y POAI en consideración a un ajuste presupuestal. De igual forma se presentaron los informes de avances en el POA institcional de manera trimestral ante e comité de gerencia y junta directiva, para lo cual se obtienen los siguientes avances: un cumplimiento del 92% respecto a la meta proyectada reflejado en cada una de las líneas estrategicas como se detalla a continuación: Linea estrategica de salud mental con excelencia presenta un cumplimiento del 93%, Mejoramiento Institucional 92%, Fortalecimiento de las capacidades institucionales 90%, Docencia servicio e Investigación 94% y sostenibilidad y rentabilidad financiera el 91%. A 31 de dieimbre que termina el periodo Planeación entregará en la primera semana de enero de 2026 el indicador final de cumplimiento. | J32: 3 | K32: =+IF(OR(ISBLANK(F32),ISBLANK(J32)),"",IF(OR(AND(F32=1,J32=1),AND(F32=1,J32=2),AND(F32=1,J32=3)),"Deficiencia de control mayor (diseño y ejecución)",IF(OR(AND(F32=2,J32=2),AND(F32=3,J32=1),AND(F32=3,J32=2),AND(F32=2,J32=1)),"Deficiencia de control (diseño o ejecución)",IF(AND(F32=2,J32=3),"Oportunidad de mejora","Mantenimiento del control")))) -> Mantenimiento del control | L32: =+IF(K32="",75,IF(K32="Deficiencia de control mayor (diseño y ejecución)",80,IF(K32="Deficiencia de control (diseño o ejecución)",100,IF(K32="Oportunidad de mejora",120,140)))) -> 140 | M32: 1.9754 | N32: =+L32+M32 -> 141.9754
G33: 2 | H33: Se realizó seguimiento a los controles de la matríz de riesgos identificados y éste fue presentado ante el Comité de control interno, en donde se evaluó la efectividad de los mismos.
G34: 3
G35: 4
G36: 5
G37: 6
G38: 7
G39: 8
C40: Lineamiento 7: Identificación y análisis de riesgos (Analiza factores internos y externos; Implica a los niveles apropiados de la dirección; Determina cómo responder a los riesgos; Determina la importancia de los riesgos). | D40: DIMENSIÓN O POLÍTICA DEL MIPG ASOCIADA AL REQUERIMIENTO | E40: Explicación de cómo la Entidad evidencia que está dando respuesta al requerimiento Referencia a Procesos, Manuales/Políticas de Operación/Procedimientos/Instructivos u otros desarrollos que den cuente de su aplicación | F40: Presente (1/2/3) | G40: EVIDENCIA DEL CONTROL | J40: Funcionando (1/2/3) | K40: Evaluación
G41: No. | H41: Referencia a Análisis y verificaciones en el marco del Comité Institucional de Coordinación de Control Interno | I41: Observaciones de la evaluacion independiente (tener encuenta papel de líneas de defensa)
B43: =+LEFT(C43,3) -> 7.1 | C43: 7.1 Teniendo en cuenta la estructura de la política de Administración del Riesgo, su alcance define lineamientos para toda la entidad, incluyendo regionales, áreas tercerizadas u otras instancias que afectan la prestación del servicio. | D43: Dimension de Direccionamiento Estratetegico y Planeacion. Politica de Planeacion Institucional | E43: A la politica gestión del riesgo le fue revisado el indicador de cumplimiento, politica que da alcance a todos los procesos e impacta los riesgos identificados en cada uno de ellos. Se realizó la audiencia pública en donde fue dado a conocer a la ciudadanía la gestión del riesgo de la entidad | F43: 3 | G43: 1 | I43: La politica de la gestión del riesgo en la entidad tiene definido los lineamientos tendientes a desarrollar en cada uno de los procesos que tienen identificados los riesgos con sus controles, la politica es igualmente trazable a todos los procesos del HDPUV. Igualmente se observó por control interno que los líderes de proceso trabajan de manera regular en la revisión de los controles de los riesgos, evitando un bajo indicador en la materialización. La junta directiva aprobó ´por acuerdo el ajuste al procedimiento gestión del riesgo en donde se incluyeron los riesgos clinicos, individuales y sociales asi como los riesgos fiscales, estos riesgos deben ser identificados conforme a la metodologia AMFE y DAFP. | J43: 3 | K43: =+IF(OR(ISBLANK(F43),ISBLANK(J43)),"",IF(OR(AND(F43=1,J43=1),AND(F43=1,J43=2),AND(F43=1,J43=3)),"Deficiencia de control mayor (diseño y ejecución)",IF(OR(AND(F43=2,J43=2),AND(F43=3,J43=1),AND(F43=3,J43=2),AND(F43=2,J43=1)),"Deficiencia de control (diseño o ejecución)",IF(AND(F43=2,J43=3),"Oportunidad de mejora","Mantenimiento del control")))) -> Mantenimiento del control | L43: =+IF(K43="",75,IF(K43="Deficiencia de control mayor (diseño y ejecución)",80,IF(K43="Deficiencia de control (diseño o ejecución)",100,IF(K43="Oportunidad de mejora",120,140)))) -> 140 | M43: 2.0896 | N43: =+L43+M43 -> 142.0896
G44: 2 | H44: La linea estratégica imparte directrices tendientes al cumplimiento de los objetivos de la politica gestión del riesgo de la entidad y verifica su aplicación cada vez que se realiza el seguimiento a los riesgos
G45: 3
G46: 4
G47: 5
G48: 6
G49: 7
G50: 8
B51: =+LEFT(C51,3) -> 7.2 | C51: 7.2 La Oficina de Planeación, Gerencia de Riesgos (donde existan), como 2a línea de defensa, consolidan información clave frente a la gestión del riesgo. | D51: Dimension Control Interno Lineas de Defensa | E51: La segunda línea de defensa imparte directrices tendientes a la gestón del riesgo, desde ahí se realiza el acompañamiento por el asesor de control interno a todos los procesos en la identificación de riesgos y sus controles. | F51: 3 | G51: 1 | H51: La línea estratégica imparte directrices tendientes a la gestión del riesgo en el HDPUV, realizando seguimiento en los comités de gerencia y de control interno. | I51: La segunda linea de defensa liderada por planeación ha consolidado la información clave para la gestión del riesgo el Hospital, realizando reuniones periódicas en los comités de gerencia y de gestión y desempeño en donde se impartieron las directrices tendientes a la evaluación y el cumplimiento de los controles de los riesgos para evitar su materialización. El componente gestión del riesgo en la evaluación del Furag en la vigencia 2025 obtuvo un desempeño del 100% en la entidad. | J51: 3 | K51: =+IF(OR(ISBLANK(F51),ISBLANK(J51)),"",IF(OR(AND(F51=1,J51=1),AND(F51=1,J51=2),AND(F51=1,J51=3)),"Deficiencia de control mayor (diseño y ejecución)",IF(OR(AND(F51=2,J51=2),AND(F51=3,J51=1),AND(F51=3,J51=2),AND(F51=2,J51=1)),"Deficiencia de control (diseño o ejecución)",IF(AND(F51=2,J51=3),"Oportunidad de mejora","Mantenimiento del control")))) -> Mantenimiento del control | L51: =+IF(K51="",75,IF(K51="Deficiencia de control mayor (diseño y ejecución)",80,IF(K51="Deficiencia de control (diseño o ejecución)",100,IF(K51="Oportunidad de mejora",120,140)))) -> 140 | M51: 2.1456 | N51: =+L51+M51 -> 142.1456
G52: 2 | H52: La segunda línea de defensa informa de manera periodica al comité de gerecia y al comitè de control interno, el seguimiento que realizan los lideres de proceso a cada uno de los riesgos, revisando el cumplimiento de los controles para evitar su materialización.
G53: 3
G54: 4
G55: 5
G56: 6
G57: 7
G58: 8
B59: =+LEFT(C59,3) -> 7.3 | C59: 7.3 A partir de la información consolidada y reportada por la 2a línea de defensa (7.2), la Alta Dirección analiza sus resultados y en especial considera si se han presentado materializaciones de riesgo. | D59: Dimension Control Interno Lineas de Defensa | E59: La línea estratégica imparte directrices dirigidas a la 2 línea de defensa para evitar la materialización de los riesgos. Por ello la segunda línea de defensa trabaja de manera articulada con cada uno de los líderes de proceso y con la tercera línea de defensa, quien asesora de manera permanente en el desarrollo de la politica, manual y procedimiento de la gestión del riesgo, para su correcta identificación y desarrollo de los controles, evitando la materialización del riesgo y así evitar la afectación en la consecución de las metas establecidas en el plan de desarrollo del HDPUV | F59: 3 | G59: 1 | H59: En el comité de coordinación de control interno se analizan los riesgos identificados en la matríz como altos, se analizan sus controles y la efectividad de los mismos, con el objeto de establecer si están siendo eficaces para asi evitar su materialización. | I59: Al seguimiento por control interno en el periodo enero-diciembre de 2025, la alta dirección a través de los comités de gerencia, gestión y desempeño y de coordinación de control interno, impartió directrices tendientes a la revisión de los riesgos institucionales, Sicoft y Sarlaf y estos riesgos cuentan con el oficial de cumplimiento. Igualmente frente a los riesgos materializados se tomaron decisiones en los procesos analizando sus controles y tomando decisiones que coadyuven a evitar la materialización. Los riesgos materializados y que fueron identificados como el de caídas y evasión son riesgos que fueron comparados frente a la vigencia inmediatamente anterior y se puede observar que éstos han disminuido considerablemente, lo que significa que los controles demuestran una eficacia y que están siendo gestionados de manera regular en cada uno de los procesos. | J59: 3 | K59: =+IF(OR(ISBLANK(F59),ISBLANK(J59)),"",IF(OR(AND(F59=1,J59=1),AND(F59=1,J59=2),AND(F59=1,J59=3)),"Deficiencia de control mayor (diseño y ejecución)",IF(OR(AND(F59=2,J59=2),AND(F59=3,J59=1),AND(F59=3,J59=2),AND(F59=2,J59=1)),"Deficiencia de control (diseño o ejecución)",IF(AND(F59=2,J59=3),"Oportunidad de mejora","Mantenimiento del control")))) -> Mantenimiento del control | L59: =+IF(K59="",75,IF(K59="Deficiencia de control mayor (diseño y ejecución)",80,IF(K59="Deficiencia de control (diseño o ejecución)",100,IF(K59="Oportunidad de mejora",120,140)))) -> 140 | M59: 2.2365 | N59: =+L59+M59 -> 142.2365
G60: 2
G61: 3
G62: 4
G63: 5
G64: 6
G65: 7
G66: 8
B67: =+LEFT(C67,3) -> 7.4 | C67: 7.4 Cuando se detectan materializaciones de riesgo, se definen los cursos de acción en relación con la revisión y actualización del mapa de riesgos correspondiente. | D67: Dimension de Direccionamiento Estratetegico y Planeacion. Politica de Planeacion Institucional Dimension Control Interno Lineas de Defensa | E67: Se impartieron directrices desde la lìnea estratègica en el comité de coordinaciòn de control interno y en el Comité de gestión y desempeño en donde se revisan los controles de los riesgos que se materializaron en el periodo enero-noviembre de 2025 y se impartieron directrices a los diferentes procesos para que se analicen y se revisen los riesgos materializados y se tomen acciones para corregir una nueva materialización | F67: 3 | G67: 1 | I67: Se observó por control interno que cuando se materializa un riesgo, éste debe ser analizado para establecer sus causas, revisando sus controles para verificar su efectividad. Si se evidencia que los controles no están siendo eficaces, éstos se ajustan o se identifican nuevos controles. En el periodo enero-diciembre de 2025 se realizó ajuste al procedimiento de la gestión del riesgo en donde se incluyeron nuevos riesgos como los clinicos, individuales, sociales y fiscales, y tambien se incluyo una nueva metodologia para la identificación de los riesgos clinicos como lo es la AMFE. | J67: 3 | K67: =+IF(OR(ISBLANK(F67),ISBLANK(J67)),"",IF(OR(AND(F67=1,J67=1),AND(F67=1,J67=2),AND(F67=1,J67=3)),"Deficiencia de control mayor (diseño y ejecución)",IF(OR(AND(F67=2,J67=2),AND(F67=3,J67=1),AND(F67=3,J67=2),AND(F67=2,J67=1)),"Deficiencia de control (diseño o ejecución)",IF(AND(F67=2,J67=3),"Oportunidad de mejora","Mantenimiento del control")))) -> Mantenimiento del control | L67: =+IF(K67="",75,IF(K67="Deficiencia de control mayor (diseño y ejecución)",80,IF(K67="Deficiencia de control (diseño o ejecución)",100,IF(K67="Oportunidad de mejora",120,140)))) -> 140 | M67: 2.3896 | N67: =+L67+M67 -> 142.3896
G68: 2
G69: 3
G70: 4 | H70: Los líderes de proceso deben monitorear los riesgos para verificar que sus controles sean eficaces y evitar la materialización. Los ajustes a los controles y a los riesgos pueden realizarlos en cualquier momento. Si se materializa un riesgo debe revisarse sus controles y establecer o nuevos controles o ajustar los controles existentes..
G71: 5
G72: 6
G73: 7
G74: 8
B75: =+LEFT(C75,3) -> 7.5 | C75: 7.5 Se llevan a cabo seguimientos a las acciones definidas para resolver materializaciones de riesgo detectadas. | D75: Dimension de Evaluacion de Resultados Politica de Seguimiento y evaluacion al Desempeño Institucional. Dimension Control Interno Lineas de Defensa | E75: La lìnea estatégica impartiò directrices tendientes a resolver los riesgos que se hayan materializado. En el periodo enero-noviembre de 2025 se materializaron riesgos del area misional tales como los riesgos de caida y de evasiòn de pacientes. El indicador de materializacion en comparaciòn con la vigencia 2024 en cuanto a los riesgos que pertenencen al area misionalarea misional. El objetivo de la línea estratégica es que los líderes de proceso revisen de manera periodica la efectividad de los controles de sus riesgos para asi evitar su materialización. | F75: 3 | G75: 1 | H75: La línea estratégica solicita los informes periódicos de la gestión del riesgo a los líderes de proceso, para revisar que se estén cumpliendo con los controles. En el Comité de Control interno se analizaron que los controles identificados en cada uno de los riesgos fueran efectivos. Al momento de establecer la materialización del riesgo la línea estratégica impartió las directrices a la primera y segunda línea de defensa para que se tomen las medidas pertinentes. | I75: Se verificó por control interno que en el periodo enero-diciembre de 2025 se han realizado dos seguimientos a la matríz de riesgos de la entidad, en donde algunos riesgos fueron ajustados desde su identificación y también se identificaron nuevos controles y otros se ajustaron. A los riesgos que se han materializado en este periodo del 2025, se les realizó seguimiento pormenorizado para establecer las causas y la efectividad de sus controles. | J75: 3 | K75: =+IF(OR(ISBLANK(F75),ISBLANK(J75)),"",IF(OR(AND(F75=1,J75=1),AND(F75=1,J75=2),AND(F75=1,J75=3)),"Deficiencia de control mayor (diseño y ejecución)",IF(OR(AND(F75=2,J75=2),AND(F75=3,J75=1),AND(F75=3,J75=2),AND(F75=2,J75=1)),"Deficiencia de control (diseño o ejecución)",IF(AND(F75=2,J75=3),"Oportunidad de mejora","Mantenimiento del control")))) -> Mantenimiento del control | L75: =+IF(K75="",75,IF(K75="Deficiencia de control mayor (diseño y ejecución)",80,IF(K75="Deficiencia de control (diseño o ejecución)",100,IF(K75="Oportunidad de mejora",120,140)))) -> 140 | M75: 2.4563 | N75: =+L75+M75 -> 142.4563
G76: 2
G77: 3
G78: 4
G79: 5
G80: 6
G81: 7
G82: 8
C83: Lineamiento 8: Evaluación del riesgo de fraude o corrupción. Cumplimiento artículo 73 de la Ley 1474 de 2011, relacionado con la prevención de los riesgos de corrupción. | D83: DIMENSIÓN O POLÍTICA DEL MIPG ASOCIADA AL REQUERIMIENTO | E83: Explicación de cómo la Entidad evidencia que está dando respuesta al requerimiento Referencia a Procesos, Manuales/Políticas de Operación/Procedimientos/Instructivos u otros desarrollos que den cuente de su aplicación | F83: Presente (1/2/3) | G83: EVIDENCIA DEL CONTROL | J83: Funcionando (1/2/3) | K83: Evaluación
G84: No. | H84: Referencia a Análisis y verificaciones en el marco del Comité Institucional de Coordinación de Control Interno | I84: Observaciones de la evaluacion independiente (tener encuenta papel de líneas de defensa)
B86: =+LEFT(C86,3) -> 8.1 | C86: 8.1 La Alta Dirección acorde con el análisis del entorno interno y externo, define los procesos, programas o proyectos (según aplique), susceptibles de posibles actos de corrupción. | D86: Dimension de Direccionamiento Estratetegico y Planeacion. Politica de Planeacion Institucional | E86: La alta dirección tiene identificado los riesgos de corrupción que son susceptibles de materializarse en los programas y proyectos identificados en cada uno de los procesos. Por ello la matríz de riesgos se revisa con regularidad y se ajustan riesgos anticorrupción y los controles, asi como los riesgos Sicof y Sarlaft conforme a lo establecido por las circulares de la supersalud y demás normatividad. | F86: 3 | G86: 1 | H86: En el periodo enero-noviembre de 2025 se realizo seguimiento por control interno a los diferentes riesgos y sus controles. En el comité de control interno se revisaronn y se evaluaron los riesgos anticorrupción, su plan de accion, su cumplimiento y la política gestión del riesgo. | I86: La oficina asesora de control interno realizo los seguimientos a la matriz de riesgos en donde están inluidos los riesgos de corrupción. Se aprobó y publico el plan anticorrupcion y atencion al ciudadano, el cual acumula 2 seguimientos encontrándose en desarrollo a la fecha, así mismo el oficial de cumplimiento presentó ante la junta directiva los respectivos informes Sarlaf Sicof en cada una de las sesiones ordinarias. | J86: 3 | K86: =+IF(OR(ISBLANK(F86),ISBLANK(J86)),"",IF(OR(AND(F86=1,J86=1),AND(F86=1,J86=2),AND(F86=1,J86=3)),"Deficiencia de control mayor (diseño y ejecución)",IF(OR(AND(F86=2,J86=2),AND(F86=3,J86=1),AND(F86=3,J86=2),AND(F86=2,J86=1)),"Deficiencia de control (diseño o ejecución)",IF(AND(F86=2,J86=3),"Oportunidad de mejora","Mantenimiento del control")))) -> Mantenimiento del control | L86: =+IF(K86="",75,IF(K86="Deficiencia de control mayor (diseño y ejecución)",80,IF(K86="Deficiencia de control (diseño o ejecución)",100,IF(K86="Oportunidad de mejora",120,140)))) -> 140 | M86: 2.5458 | N86: =+L86+M86 -> 142.5458
G87: 2
G88: 3
G89: 4
G90: 5
G91: 6
G92: 7
G93: 8
B94: =+LEFT(C94,3) -> 8.2 | C94: 8.2 La Alta Dirección monitorea los riesgos de corrupción con la periodicidad establecida en la Política de Administración del Riesgo. | D94: Dimension de Control Interno Linea Estrategica | E94: La alta dirección monitorea los riesgos institucionales identificados en la matriz de riesgos, en donde también se encuentran los riesgos de corrupción, Sicof y Sarlaft. La gestión de los riesgos se realiza de acuerdo a lo establecido en la política y el procedimiento de la gestión del riesgo. El procedimiento gestion del riesgo fue ajustado por Acuerdo aprobado por la junta directiva en donde se incluyeron nuevos riesgos como los clinicos, individuales, sociales y fiscales y tambien se incluyo en el procedimiento una nueva metodologia para los riesgos clinicos como es la AMFE. | F94: 3 | G94: 1 | I94: Se observa que la línea estratégica, la primera y segunda lineas de defensa, imparten las directrices tendientes al control y seguimiento de los ríesgos de corrupción. Igualmente se asignó el oficial de cumplimiento el cual realiza el seguimiento y monitoreo de los riesgos Sicof y Sarlaft. El Oficial rindió información a la junta directiva, sobre los riesgos de corrupción, Sarlaft y sicof y estos riesgos fueron evaluados de manera periodica por los responsables de proceso. | J94: 3 | K94: =+IF(OR(ISBLANK(F94),ISBLANK(J94)),"",IF(OR(AND(F94=1,J94=1),AND(F94=1,J94=2),AND(F94=1,J94=3)),"Deficiencia de control mayor (diseño y ejecución)",IF(OR(AND(F94=2,J94=2),AND(F94=3,J94=1),AND(F94=3,J94=2),AND(F94=2,J94=1)),"Deficiencia de control (diseño o ejecución)",IF(AND(F94=2,J94=3),"Oportunidad de mejora","Mantenimiento del control")))) -> Mantenimiento del control | L94: =+IF(K94="",75,IF(K94="Deficiencia de control mayor (diseño y ejecución)",80,IF(K94="Deficiencia de control (diseño o ejecución)",100,IF(K94="Oportunidad de mejora",120,140)))) -> 140 | M94: 2.6321 | N94: =+L94+M94 -> 142.6321
G95: 2
G96: 3
G97: 4
G98: 5
G99: 6
G100: 7
G101: 8 | H101: La línea estratégica en el Comité de gerencia, control interno y de gestion y desempeño, revisa y se toman las decisiones pertinentes relacionadas con los riesgos de corrupción.
B102: =+LEFT(C102,3) -> 8.3 | C102: 8.3 Para el desarrollo de las actividades de control, la entidad considera la adecuada división de las funciones y que éstas se encuentren segregadas en diferentes personas para reducir el riesgo de acciones fraudulentas. | D102: Dimension de Contro Interno Lineas de Defensa | E102: La entidad cuenta con un manual de funciones actualizado, en donde de acuerdo al perfil y al cargo se asignan las funciones y están identificadas en cada uno de los procesos. En los procesos se encuentra el personal idóneo para la ejecución de las funciones y todos deben conocer y gestionar el riesgo al interior del proceso para que no se vayan a materializar. | F102: 3 | G102: 1 | I102: El Hospital Departamental Psiquiatrico Universitario del Valle, cuenta con un manual de funciones actualizado y fue socializado a todos los colaboradores con el objeto de que cumplan sus funciones a cabalidad. Las funciones están segregadas en diferentes funcionarios para minimizar las posibles acciones fraudulentas, estableciendo responsabilidades a cada uno de ellos. | J102: 3 | K102: =+IF(OR(ISBLANK(F102),ISBLANK(J102)),"",IF(OR(AND(F102=1,J102=1),AND(F102=1,J102=2),AND(F102=1,J102=3)),"Deficiencia de control mayor (diseño y ejecución)",IF(OR(AND(F102=2,J102=2),AND(F102=3,J102=1),AND(F102=3,J102=2),AND(F102=2,J102=1)),"Deficiencia de control (diseño o ejecución)",IF(AND(F102=2,J102=3),"Oportunidad de mejora","Mantenimiento del control")))) -> Mantenimiento del control | L102: =+IF(K102="",75,IF(K102="Deficiencia de control mayor (diseño y ejecución)",80,IF(K102="Deficiencia de control (diseño o ejecución)",100,IF(K102="Oportunidad de mejora",120,140)))) -> 140 | M102: 2.7456 | N102: =+L102+M102 -> 142.7456
G103: 2
G104: 3
G105: 4
G106: 5
G107: 6
G108: 7
G109: 8 | H109: La línea estratégica imparte directrices a la primera y segunda líneas de defensa, para que se monitoreen de manera regular los riesgos, que puedan generar acciones fraudulentas, como los riesgos de corrupción, Sicof y Sarlaft, identificados en la matríz.
B110: =+LEFT(C110,3) -> 8.4 | C110: 8.4 La Alta Dirección evalúa fallas en los controles (diseño y ejecución) para definir cursos de acción apropiados para su mejora. | D110: Dimension de Control Interno Linea Estrategica | E110: Los lideres de proceso a través de las diferentes áreas, han realizado el ajuste a la matríz de riesgos, en el periodo enero-noviembre de 2025 en donde se realizó el seguimiento por control interno a la efectividad de los controles y se evaluó su eficacia para disminuir la posible materializacion de los riesgos. | F110: 3 | G110: 1 | H110: Ante la línea estratégica se presentó el seguimiento a los riesgos realizados en el periodo enero-noviembre de 2025, en donde se revisó cada uno de los controles, estableciendo el indicador de cumplimiento de cada uno de los ellos y se validó su efectividad. | I110: En el periodo enero-diciembre de 2025 la alta dirección ha evaluado los seguimientos que se le realizaron a los riesgos de proceso, en donde fueron monitoreados de manera pormenorizada los riesgos que se materializaron como el de caida y el de evasión. El monitoreo se realizó en los comités de Coordinación de control interno y de Gestion y Desempeño y desde ahí la línea estratégica toma decisiones e imparte directrices y estas son comunicadas a la primera y segunda línea de defensa. | J110: 3 | K110: =+IF(OR(ISBLANK(F110),ISBLANK(J110)),"",IF(OR(AND(F110=1,J110=1),AND(F110=1,J110=2),AND(F110=1,J110=3)),"Deficiencia de control mayor (diseño y ejecución)",IF(OR(AND(F110=2,J110=2),AND(F110=3,J110=1),AND(F110=3,J110=2),AND(F110=2,J110=1)),"Deficiencia de control (diseño o ejecución)",IF(AND(F110=2,J110=3),"Oportunidad de mejora","Mantenimiento del control")))) -> Mantenimiento del control | L110: =+IF(K110="",75,IF(K110="Deficiencia de control mayor (diseño y ejecución)",80,IF(K110="Deficiencia de control (diseño o ejecución)",100,IF(K110="Oportunidad de mejora",120,140)))) -> 140 | M110: 2.8745 | N110: =+L110+M110 -> 142.8745
G111: 2
G112: 3
G113: 4
...

Sheet Actividades de control
C15: ACTIVIDADES DE CONTROL
C16: La entidad define y desarrolla actividades de control que contribuyen a la mitigación de los riesgos hasta niveles aceptables para la consecución de los objetivos estratégicos y de proceso. Implementa políticas de operación mediante procedimientos u otros mecanismos que den cuenta de su aplicación en el día a día de las operaciones.
B18: ID | C18: Lineamiento 10: Diseño y desarrollo de actividades de control (Integra el desarrollo de controles con la evaluación de riesgos; tiene en cuenta a qué nivel se aplican las actividades; facilita la segregación de funciones). | D18: DIMENSIÓN O POLÍTICA DEL MIPG ASOCIADA AL REQUERIMIENTO | E18: Explicación de cómo la Entidad evidencia que está dando respuesta al requerimiento Referencia a Procesos, Manuales/Políticas de Operación/Procedimientos/Instructivos u otros desarrollos que den cuente de su aplicación | F18: Presente (1/2/3) | G18: EVIDENCIA DEL CONTROL | J18: Funcionando (1/2/3) | K18: Evaluación
G19: No. | H19: Referencia a Análisis y verificaciones en el marco del Comité Institucional de Coordinación de Control Interno | I19: Observaciones de la evaluacion independiente (tener encuenta papel de líneas de defensa)
B21: =+LEFT(C21,4) -> 10.1 | C21: 10.1 Para el desarrollo de las actividades de control, la entidad considera la adecuada división de las funciones y que éstas se encuentren segregadas en diferentes personas para reducir el riesgo de error o de incumplimientos de alto impacto en la operación. | D21: Dimension de Control Interno Lineas de Defensa | E21: La entidad impartió directrices a la Dimensión del Talento humano, para que se asignen las funciones y que éstas queden debidamente segregadas en los procesos y en diferenctes funcionarios para reducir el riesgo que afecte la operación y la consecución de los logros establecidos en las metas del PDI, por consiguiente se cuenta con un manual de funciones actualizado. | F21: 3 | G21: 1 | H21: La línea Estratégica imparte instrucciones a las líneas de defensa para que identifiquen en sus procesos la adecuada distribución de funciones en sus procesos. | I21: El plan de previsión de recursos : Mediante Acuerdo de JD No.019 del 16 de diciembre de 2024, se fija la planta de cargos para la vigencia 2025, con 285 cargos. El Plan Anual de Vacantes a la fecha se han reportado a la OPEC 21 empleos que corresponden a 122 vacantes, distribuidas así; 47 vacantes del nivel profesional, 6 vacantes del nivel técnico y 69 vacantes del nivel asistencial los cuales tienen establecido el Manual de Funciones y de Competencias Laborales, el documento en mención es notificado al ingreso del personal y se tiene publicado en la plataforma documental , es el mecanismo de asignación de roles y responsabilidades, se refleja la divisíon de las funciones en cada empleo, para el desempeño de la labor, en pro del cumplimiento de los objetivos del proceso. El personal de apoyo a la gestión, tiene establecido desde el contrato las obligaciones contractuales. | J21: 3 | K21: =+IF(OR(ISBLANK(F21),ISBLANK(J21)),"",IF(OR(AND(F21=1,J21=1),AND(F21=1,J21=2),AND(F21=1,J21=3)),"Deficiencia de control mayor (diseño y ejecución)",IF(OR(AND(F21=2,J21=2),AND(F21=3,J21=1),AND(F21=3,J21=2),AND(F21=2,J21=1)),"Deficiencia de control (diseño o ejecución)",IF(AND(F21=2,J21=3),"Oportunidad de mejora","Mantenimiento del control")))) -> Mantenimiento del control | L21: =+IF(K21="",152,IF(K21="Deficiencia de control mayor (diseño y ejecución)",160,IF(K21="Deficiencia de control (diseño o ejecución)",180,IF(K21="Oportunidad de mejora",200,220)))) -> 220 | M21: 3.4569 | N21: =+L21+M21 -> 223.4569
G22: 2
G23: 3
G24: 4
G25: 5
G26: 6
G27: 7
G28: 8
B29: =+LEFT(C29,4) -> 10.2 | C29: 10.2 Se han idenfificado y documentado las situaciones específicas en donde no es posible segregar adecuadamente las funciones (ej: falta de personal, presupuesto), con el fin de definir actividades de control alternativas para cubrir los riesgos identificados. | D29: Dimension de Control Interno Lineas de Defensa | E29: Se observò que la entidad impartio directrices tendientes a la revisión bibliográfica realizada por el equipo asistencial y se dió continuidad al estudio de estimación de necesidad de personal de enfermería, se revisaron las variables del cálculo y se definió estimar otras variables que inciden en tiempos no laborados lo cual establece los días anuales a cubrir, y el número de funcionarios que deben adicionarse al cálculo por el concepto de vacaciones y ausentismo. | F29: 3 | G29: 1 | H29: Ante la línea estratégica se definió que la Dimensión de Talento Humano debe realizar el estudio de cargas laborales y se tiene proyectado realizar la medición de cargas laborales. | I29: En lo que va corrido de la vigencia 2025 y hasta noviembre, se revisaron las variables del cálculo y se definió estimar otras variables que inciden en tiempos no laborados (permisos sindicales, dia de cumpleaños, dia de la familia, incapacidad prolongada, participación en comites institucionales (brigadas, copasst), lo cual establece los días anuales a cubrir y el número de funcionarios que deben adicionarse al cálculo por el concepto de vacaciones y ausentismo. Este indicador puede cambiar a 31 de diciembre de 2025, información que debera entregarla talento humano en la primera semana de enero de 2026. | J29: 3 | K29: =+IF(OR(ISBLANK(F29),ISBLANK(J29)),"",IF(OR(AND(F29=1,J29=1),AND(F29=1,J29=2),AND(F29=1,J29=3)),"Deficiencia de control mayor (diseño y ejecución)",IF(OR(AND(F29=2,J29=2),AND(F29=3,J29=1),AND(F29=3,J29=2),AND(F29=2,J29=1)),"Deficiencia de control (diseño o ejecución)",IF(AND(F29=2,J29=3),"Oportunidad de mejora","Mantenimiento del control")))) -> Mantenimiento del control | L29: =+IF(K29="",152,IF(K29="Deficiencia de control mayor (diseño y ejecución)",160,IF(K29="Deficiencia de control (diseño o ejecución)",180,IF(K29="Oportunidad de mejora",200,220)))) -> 220 | M29: 3.5478 | N29: =+L29+M29 -> 223.5478
G30: 2
G31: 3
G32: 4
G33: 5
G34: 6
G35: 7
G36: 8
B37: =+LEFT(C37,4) -> 10.3 | C37: 10.3 El diseño de otros sistemas de gestión (bajo normas o estándares internacionales como la ISO), se intregan de forma adecuada a la estructura de control de la entidad. | D37: Dimension de Gestion con Valores para Resultados Dimension de Control Interno Lineas de Defensa | E37: En el periodo enero-noviembre de 2025 se ha valuado de manera interna el mejoramiento del hospital cumpliendo con los planes de mejoramiento establecidos por el Incontec y demás entidades que han realizado auditorías internas en el HDPUV, lo que nos permite seguir prestando servicios de salud mental con altos estándares de calidad para la población del Valle del Cauca y el suroccidente Colombiano y así fortalecer nuestra cultura de mejoramiento contínuo. Los diferentes procesos de la entidad, vienen reportando los indicadores de gestión a la oficina de calidad, para medir la eficacia del sistema integrado de gestión. Desde los programas institucionales se realizó la medición de la ejecución de los planes de trabajo de manera trimestral, igualmente se evaluo el cumplimiento de las políticas institucionales en este periodo del 2025. | F37: 3 | G37: 1 | H37: De acuerdo al compromiso de la línea estratègica por alcanzar los altos estándares de calidad, ésta ha realizado contínuos seguimientos en diferentes espacios institucionales, tales como en el comitè de control interno, en donde se evidencian los seguimientos en las actas de comitè de gerencia, actas de Junta directiva, boletines insttitucionales, actas de comité de gestion y desempeño y Equipo de Direccionamiento y Gerencia. | I37: En el periodo 2025, el HDPUV tiene implementados los siguientes sistemas de gestión: Sistema Unico de Acreditación, Certificación en las NTC ISO 9001:2015, 14001:2015 y 14001:2018, Sistema de Administración del Riesgo, Modelo Integrado de Planeación y Gestión (MIPG), hacemos parte de la Red Global de Hospitales Verdes y Saludables, afiliados a Planetree (atención centrada en la persona), certificación en Buenas Prácticas Clínicas (BPC) por el INVIMA, reconocimiento como Hospital Universitario. Todas estas certificaciones son sistemas de gestión que nuestra institución ha decidido implementar y cumplir con sus requisitos, certificaciones que le aportan y fortalecen la estructura de control de la entidad. | J37: 3 | K37: =+IF(OR(ISBLANK(F37),ISBLANK(J37)),"",IF(OR(AND(F37=1,J37=1),AND(F37=1,J37=2),AND(F37=1,J37=3)),"Deficiencia de control mayor (diseño y ejecución)",IF(OR(AND(F37=2,J37=2),AND(F37=3,J37=1),AND(F37=3,J37=2),AND(F37=2,J37=1)),"Deficiencia de control (diseño o ejecución)",IF(AND(F37=2,J37=3),"Oportunidad de mejora","Mantenimiento del control")))) -> Mantenimiento del control | L37: =+IF(K37="",152,IF(K37="Deficiencia de control mayor (diseño y ejecución)",160,IF(K37="Deficiencia de control (diseño o ejecución)",180,IF(K37="Oportunidad de mejora",200,220)))) -> 220 | M37: 3.6458 | N37: =+L37+M37 -> 223.6458
G38: 2
G39: 3
G40: 4
G41: 5
G42: 6
G43: 7
G44: 8
C45: Lineamiento 11: Seleccionar y Desarrolla controles generales sobre TI para apoyar la consecución de los objetivos . | D45: DIMENSIÓN O POLÍTICA DEL MIPG ASOCIADA AL REQUERIMIENTO | E45: Explicación de cómo la Entidad evidencia que está dando respuesta al requerimiento Referencia a Procesos, Manuales/Políticas de Operación/Procedimientos/Instructivos u otros desarrollos que den cuente de su aplicación | F45: Presente (1/2/3) | G45: EVIDENCIA DEL CONTROL | J45: Funcionando (1/2/3) | K45: Evaluación
G46: No. | H46: Referencia a Análisis y verificaciones en el marco del Comité Institucional de Coordinación de Control Interno | I46: Observaciones de la evaluacion independiente (tener encuenta papel de líneas de defensa)
B48: =+LEFT(C48,4) -> 11.1 | C48: 11.1 La entidad establece actividades de control relevantes sobre las infraestructuras tecnológicas; los procesos de gestión de la seguridad y sobre los procesos de adquisición, desarrollo y mantenimiento de tecnologías. | D48: Dimension de Gestion con Valores para el Resultado Politica de Gobierno Digital Politica de Seguridad Digital | E48: El hospital en el periodo comprendido entre enero-noviembre de 2025 aprobó la ejecucion de varios contratos en donde está incluida la seguridad, desarrollo y mantenimiento de las tecnologias, entre ellos se encuentran los siguientes contratos: OS-004-2025 para el mantemiento, soporte y actualizacion del sistemas Hosvital-His, contrato CAO-008-2025 para el mantenimiento soporte y actualizacion del sistema Kactus, contrato OS-007-2025 servicio de mantenimiento preventivo de los equipos informáticos. | F48: 3 | G48: 1 | H48: Con el desarrollo de la politica y el manual de seguridad de la información y uso de los recursos informàticos, se busca concientizar al personal institucional sobre el buen uso de la informaciòn y la responsabilidad que tiene cada uno, sobre su procesamiento y divulgaciòn, las estratègias realizadas por el àrea de sistemas junto con el àrea de comunicaciones es la socializaciòn de piezas gràficas y videos donde se dan a conocer las buenas pràcticas y algunos tips de seguridad. | I48: En el periodo enero-noviembre de 2025 se incia la ejecucion del contrato OS-004-2025 relacionado con el mantemiento, soporte y actualizacion del sistemas Hosvital-His y al contrato CAO-008-2025 para el mantenimiento soporte y actualizacion del sistema Kactus, ambos contratos con la casa desarrolladora Digital Ware; tambien se lleva a cabo la ejecucion del contrato OS-007-2025 en donde se presta el servicio de mantenimiento preventivo de los equipos informaticos y a la fecha se ejecuto el primer mantenimiento preventivo a 249 computadores, 37 impresoras, 11 scanner, 9 videobeam y 14 UPS. Por otra parte se realizó el primer simulacro y se evaluaron tiempos y funcionamiento al activar el canal de internet de respaldo y/o backup. | J48: 3 | K48: =+IF(OR(ISBLANK(F48),ISBLANK(J48)),"",IF(OR(AND(F48=1,J48=1),AND(F48=1,J48=2),AND(F48=1,J48=3)),"Deficiencia de control mayor (diseño y ejecución)",IF(OR(AND(F48=2,J48=2),AND(F48=3,J48=1),AND(F48=3,J48=2),AND(F48=2,J48=1)),"Deficiencia de control (diseño o ejecución)",IF(AND(F48=2,J48=3),"Oportunidad de mejora","Mantenimiento del control")))) -> Mantenimiento del control | L48: =+IF(K48="",152,IF(K48="Deficiencia de control mayor (diseño y ejecución)",160,IF(K48="Deficiencia de control (diseño o ejecución)",180,IF(K48="Oportunidad de mejora",200,220)))) -> 220 | M48: 3.7896 | N48: =+L48+M48 -> 223.7896
G49: 2
G50: 3
G51: 4
G52: 5
G53: 6
G54: 7
G55: 8
B56: =+LEFT(C56,4) -> 11.2 | C56: 11.2 Para los proveedores de tecnología selecciona y desarrolla actividades de control internas sobre las actividades realizadas por el proveedor de servicios. | D56: Dimension de Gestion con Valores para el Resultado Politica de Gobierno Digital Politica de Seguridad Digital | E56: La entidad cuenta con informes y actas de recibo a satisfacción del bien o servicio y aplica lo establecido en la política de Gobierno Digital y la política de Seguridad Digital. La entidad verifica que el acta de recibo a satisfacción del bien y que el servicio haya sido diligenciado en un formato que se tiene estándarizado para poder realizar los pagos acordados con los proveedores donde se califica la calidad, cantidad y oportunidad del bien o servicio que esta prestando al hospital. Ademàs del acta de satisfacciòn, el supervisor del contrato genera informe de ejecuciòn de forma mensual, donde se evidencia la ejecuciòn de las actividades contratadas | F56: 3 | G56: 1 | H56: La línea estratégica verifica que se presenten los informes sobre los avances de las actividades a realizar durante la ejecución del contrato. | I56: En la vigencia 2025, el área de sistemas ha realizado los contratos CAO-006, CAO-022, OS-007, CAO-036, CAO-005, CAO-015, OS-004, CAO-009 y la OS-021, los cuales presentan el informe del proveedor, el informe del supervisor (FOR-DES-10), certificado de pago de la seguridad social del proveedor y el acta de satisfaccion (FOR-DES-11) en la carpeta compartida "Contratos" y el SECOP II | J56: 3 | K56: =+IF(OR(ISBLANK(F56),ISBLANK(J56)),"",IF(OR(AND(F56=1,J56=1),AND(F56=1,J56=2),AND(F56=1,J56=3)),"Deficiencia de control mayor (diseño y ejecución)",IF(OR(AND(F56=2,J56=2),AND(F56=3,J56=1),AND(F56=3,J56=2),AND(F56=2,J56=1)),"Deficiencia de control (diseño o ejecución)",IF(AND(F56=2,J56=3),"Oportunidad de mejora","Mantenimiento del control")))) -> Mantenimiento del control | L56: =+IF(K56="",152,IF(K56="Deficiencia de control mayor (diseño y ejecución)",160,IF(K56="Deficiencia de control (diseño o ejecución)",180,IF(K56="Oportunidad de mejora",200,220)))) -> 220 | M56: 3.8456 | N56: =+L56+M56 -> 223.8456
G57: 2 | H57: Todas las actividades de control establecidas para los proveedores de tecnología, son socializadas ante el comité de control interno, en donde se imparten directrices tendientes a ejercer el control sobre las actividades realizadas por el proveedor de servicios.
G58: 3
G59: 4
G60: 5
G61: 6
G62: 7
G63: 8
B64: =+LEFT(C64,4) -> 11.3 | C64: 11.3 Se cuenta con matrices de roles y usuarios siguiendo los principios de segregación de funciones. | D64: Dimension de Gestion con Valores para el Resultado Politica de Fortalecimiento Organizacional y Simplificacion de Procesos. | E64: El Hospital Departamental Psiquiatrico Universitario del Valle ha trabajado en este 2025, desarrollando los objetivos establecidos en el MIPG, agilizando, simplificando y flexibilizando la operación de la entidad para la generación de bienes y servicios que resuelvan las necesidades de los ciudadanos. Por ello se revisaron los tràmites propuestos por la Función Pública, se identificaron tràmites que no aplican y se realizò la audiencia pùblica de rendiciòn de cuentas en el mes de abril de 2025. Se vienen realizando las reuniones del comitè de gestiòn y desempeño de manera periòdica, abordando los temas definidos en la polìtica. | F64: 3 | G64: 1 | H64: La lìnea estratégica imparte directrices a la primera y segunda línea de defensa, por ello la entidad cuenta con los tràmites aprobados en la plataforma SUIT, igualmente viene fortaleciendo la participaciòn ciudadana mediante campañas lideradas desde la oficina del SIAU y la realizaciòn de la audiencia pùblica de rendiciòn de cuentas. Se realiza seguimiento de indicadores institucionales, donde se verifica el cumplimiento de metas en la prestaciòn de servicios de apoyo, presupuestales y contables entre otros. Se vienen ejecutando los planes de mejoramiento que permiten a la entidad mantenerse Acreditada y Certificada en sistemas integrados de gestiòn. | I64: En la vigencia 2025 se revisaron las políticas institucionales verificando el cumplimiento de sus objetivos y los planes de mejoramiento. Se presentaron al comité de gerencia, gestión y desempeño y junta directiva los resultados de los indicadores institucionales y de prestaciòn de servicios. Los diferentes procesos de la entidad, vienen reportando los indicadores de gestión a la oficina de calidad, para medir la eficacia del sistema integrado de gestión Durante este periodo se continuó con la evaluación de las políticas institucionales, verificando el cumplimiento de sus objetivos y cumplimiento de los planes de mejoramiento. Los resultados de la evaluación de políticas institucionales se presentan en cada uno de los comités y en el comité de gerencia. En las reuniones ordinarias de junta directiva se presentan los indicadores institucionales y de prestaciòn de servicios con base en RIPS. | J64: 3 | K64: =+IF(OR(ISBLANK(F64),ISBLANK(J64)),"",IF(OR(AND(F64=1,J64=1),AND(F64=1,J64=2),AND(F64=1,J64=3)),"Deficiencia de control mayor (diseño y ejecución)",IF(OR(AND(F64=2,J64=2),AND(F64=3,J64=1),AND(F64=3,J64=2),AND(F64=2,J64=1)),"Deficiencia de control (diseño o ejecución)",IF(AND(F64=2,J64=3),"Oportunidad de mejora","Mantenimiento del control")))) -> Mantenimiento del control | L64: =+IF(K64="",152,IF(K64="Deficiencia de control mayor (diseño y ejecución)",160,IF(K64="Deficiencia de control (diseño o ejecución)",180,IF(K64="Oportunidad de mejora",200,220)))) -> 220 | M64: 3.9654 | N64: =+L64+M64 -> 223.9654
G65: 2
G66: 3
G67: 4
G68: 5
G69: 6
G70: 7
G71: 8
B72: =+LEFT(C72,4) -> 11.4 | C72: 11.4 Se cuenta con información de la 3a línea de defensa, como evaluador independiente en relación con los controles implementados por el proveedor de servicios, para asegurar que los riesgos relacionados se mitigan. | D72: Dimension Control Interno Tercera Linea de Defensa | E72: La entidad evalúa la información suministrada por la tercera línea de defensa relacionado con las recomendaciones que visualice al realizar los seguimientos de los riesgos y los controles que se hayan implementado por el proveedor de servicios. | F72: 3 | G72: 1 | H72: Ante la línea estratégica se socializan los seguimientos que establece la tercera línea para asegurar que los controles identificados en cada uno de los riesgos, sean eficaces y eviten su materialización. | I72: Con la implementación del Secop II transaccional en la entidad, la contratación se hace muy transparente y como evaluador independiente, al seguimiento en el periodo enero-diciembre de 2025 a los controles implementados por el proveedor de servicios, se observó que éstos fueron cumplidos y no hubo materialización del riesgo. | J72: 3 | K72: =+IF(OR(ISBLANK(F72),ISBLANK(J72)),"",IF(OR(AND(F72=1,J72=1),AND(F72=1,J72=2),AND(F72=1,J72=3)),"Deficiencia de control mayor (diseño y ejecución)",IF(OR(AND(F72=2,J72=2),AND(F72=3,J72=1),AND(F72=3,J72=2),AND(F72=2,J72=1)),"Deficiencia de control (diseño o ejecución)",IF(AND(F72=2,J72=3),"Oportunidad de mejora","Mantenimiento del control")))) -> Mantenimiento del control | L72: =+IF(K72="",152,IF(K72="Deficiencia de control mayor (diseño y ejecución)",160,IF(K72="Deficiencia de control (diseño o ejecución)",180,IF(K72="Oportunidad de mejora",200,220)))) -> 220 | M72: 4.0123 | N72: =+L72+M72 -> 224.0123
G73: 2
G74: 3
G75: 4
G76: 5
G77: 6
G78: 7
G79: 8
C80: Lineamiento 12: Despliegue de políticas y procedimientos (Establece responsabilidades sobre la ejecución de las políticas y procedimientos; Adopta medidas correctivas; Revisa las políticas y procedimientos). | D80: DIMENSIÓN O POLÍTICA DEL MIPG ASOCIADA AL REQUERIMIENTO | E80: Explicación de cómo la Entidad evidencia que está dando respuesta al requerimiento Referencia a Procesos, Manuales/Políticas de Operación/Procedimientos/Instructivos u otros desarrollos que den cuente de su aplicación | F80: Presente (1/2/3) | G80: EVIDENCIA DEL CONTROL | J80: Funcionando (1/2/3) | K80: Evaluación
G81: No. | H81: Referencia a Análisis y verificaciones en el marco del Comité Institucional de Coordinación de Control Interno | I81: Observaciones de la evaluacion independiente (tener encuenta papel de líneas de defensa)
B83: =+LEFT(C83,4) -> 12.1 | C83: 12.1 Se evalúa la actualización de procesos, procedimientos, políticas de operación, instructivos, manuales u otras herramientas para garantizar la aplicación adecuada de las principales actividades de control. | D83: Dimension de Gestion con Valores para el Resultado Politica de Fortalecimiento Organizacional y Simplificacion de Procesos. | E83: Los diferentes procesos de la entidad, vienen reportando los indicadores de gestión a la oficina de calidad, para medir la eficacia del sistema integrado de gestión La entidad evalúa la aplicación de los procedimientos, guías, protocolos e instructivos y adicionalmente de manera mensual se hace la evaluación y seguimiento del desempeño de los procesos en el reporte de indicadores para verificar el cumplimiento del las metas del PDI. Igualmente se viene realizando el seguimiento a las acciones de mejoramiento encaminadas al mantenimiento de la certificación de los sistemas de gestión de Calidad, Ambiental y de Seguridad y Salud en el Trabajo, contribuyendo al mejoramiento continuo de la operación por procesos, aportando significativamente en la atención de los pacientes y su entorno, la mitigación de impactos ambientales y la protección de la salud y la seguridad de los trabajadores. | F83: 3 | G83: 1 | H83: Durante el periodo enero-noviembre de 2025 se han revisado los planes de mejoramiento institucional derivados de las auditorias externas e internas, realizando el seguimiento correspondiente y verificando su cumplimiento en los comitès de gerencia, de control interno y de gestiòn y desempeño, en donde la lìnea estratègica imparte directrices a serguir. | I83: En la vigencia 2025 se crearon y actualizaron diferentes documentos de los diferentes procesos, con la novedad de que los nuevos documentos o su actualización se está realizando con base en el procedimiento PRO-SIG-01 Elaboración y Control de Documentos versión 06 de diciembre 2024. En este procedimiento actualizado al finalizar la vigencia inmediatamente anterior se estableció como objetivo describir las actividades a desarrollar para elaborar, actualizar, modificar, distribuir y controlar los documentos generados en el Sistema Integrado de Gestión y el Centro de Investigación del Hospital Departamental Psiquiátrico Universitario del Valle E.S.E. para asegurar su vigencia y el uso de última versión. En esta actualización se incluyen lineamientos para los documentos que se van a generar para el sistema de buenas prácticas clínicas del centro de investigación, así mismo se actualiza la plantilla institucional y se define que la útlima hoja debe ir firmada por las personas que elaboraron o actualizaron el documento, lo revisaron y lo aprobaron. Otra de las mejoras que se identifica es que a partir del mes de marzo de 2025, la documentación de los diferentes procesos se encuentra disponible en la herramienta de gestión ALMERA, plataforma en la que se prodrán elaborar o actualizar los documentos y estar disponibles para su consulta. | J83: 3 | K83: =+IF(OR(ISBLANK(F83),ISBLANK(J83)),"",IF(OR(AND(F83=1,J83=1),AND(F83=1,J83=2),AND(F83=1,J83=3)),"Deficiencia de control mayor (diseño y ejecución)",IF(OR(AND(F83=2,J83=2),AND(F83=3,J83=1),AND(F83=3,J83=2),AND(F83=2,J83=1)),"Deficiencia de control (diseño o ejecución)",IF(AND(F83=2,J83=3),"Oportunidad de mejora","Mantenimiento del control")))) -> Mantenimiento del control | L83: =+IF(K83="",152,IF(K83="Deficiencia de control mayor (diseño y ejecución)",160,IF(K83="Deficiencia de control (diseño o ejecución)",180,IF(K83="Oportunidad de mejora",200,220)))) -> 220 | M83: 4.1236 | N83: =+L83+M83 -> 224.1236
G84: 2 | H84: La lìnea estratègica verifica que se realice el seguimiento respectivo de los indicadores de gestiòn en espacios como el comitè de grencia, comite de gestion y desempeño, comite de control interno y en los diferentes comitès asistenciales. Igualmente se presentan los avances en la Junta directiva.
G85: 3
G86: 3 | H86: Se realizan los seguimientos involucrando el anàlisis de los recursos y los resultados esperados. Anàlisis comparativos.
G87: 5
G88: 6
G89: 7
G90: 8
B91: =+LEFT(C91,4) -> 12.2 | C91: 12.2 El diseño de controles se evalúa frente a la gestión del riesgo. | D91: Todas las Dimensiones de MIPG | E91: Con la directriz de la alta dirección se realizó seguimiento a la matrìz de riesgos en la vigencia 2025 y hasta noviembre, en donde se identificaron los riesgos que se han materializado como los de caida y evasión, controles que han sido revisados y valorados para contener su materialización. Por consiguiente se verificó que se realizó capacitación de la Meta 2: Se realizaron las sesiones breves en el 100% de los EPM logrando una cobertura del 98%, en lo que va corrido de la vigencia 2025. 2. Igualmente se observó que se realizaron listas de chequeo en la vigencia 2025, con una adherencia mayor del 94% 3. Se evidenció en cada servicio las actas de lideres de EPM, las sesiones breves de prevencion de caídas realizadas en el mes de febrero y agosto del 2025, también se evidencia la psicoeducación y el incentivo del autocuidado para pacientes y familia en donde se profundiza en la prevención de caídas. Con el área de comunicaciones se realizan socializaciones en promoción del autocuidado y seguridad del paciente que para el año 2025 se han realizado 21 publicaciones con 139.658 visitas en facebook y 117.649 visitas en Instagram, reafirmando el compromiso de prácticas seguras. 4. Se evidencia cumplimiento de 15 rondas de seguridad. trabajando en el desarrollo contínuo del Sistema de control interno, aplicando lo establecido por el MIPG en todas las dimensiones, establecido en la politica y en el procedimiento de la gestión del riesgo. | F91: 3 | G91: 1 | H91: La línea estratégica estableciò que el seguimiento de la matriz de riesgos actualizada se socializara con los líderes de procesos, para que todos conozcan el seguimiento a sus controles y trabajen de manera articulada en regular las acciones establecidas para cada uno de ellos y asi evitar su materializaciòn. Esta socializaciòn se realizò en el Comité de Control interno. comitè de gerencia y en el comité de Gestiòn y Desempeño. | I91: En el segundo semestre de 2025, se realizó ajuste al procedimiento de la gestión del riesgo en donde se incluyeron nuevos riesgos como los clinicos, individuales, sociales y fiscales, igualmente se incluyo una nueva metodologia para la identificación y gestión del riesgo clinico como lo es la AMFE. Se realizaron dos seguimientos semestrales en la vigencia 2025. Ante la junta directiva se presentó informe de los riesgos Sicoft y Sarlaft por el Oficial de cumplimiento. | J91: 3 | K91: =+IF(OR(ISBLANK(F91),ISBLANK(J91)),"",IF(OR(AND(F91=1,J91=1),AND(F91=1,J91=2),AND(F91=1,J91=3)),"Deficiencia de control mayor (diseño y ejecución)",IF(OR(AND(F91=2,J91=2),AND(F91=3,J91=1),AND(F91=3,J91=2),AND(F91=2,J91=1)),"Deficiencia de control (diseño o ejecución)",IF(AND(F91=2,J91=3),"Oportunidad de mejora","Mantenimiento del control")))) -> Mantenimiento del control | L91: =+IF(K91="",152,IF(K91="Deficiencia de control mayor (diseño y ejecución)",160,IF(K91="Deficiencia de control (diseño o ejecución)",180,IF(K91="Oportunidad de mejora",200,220)))) -> 220 | M91: 4.2365 | N91: =+L91+M91 -> 224.2365
G92: 2
G93: 3
G94: 4
G95: 5
G96: 6
G97: 7
G98: 8
B99: =+LEFT(C99,4) -> 12.3 | C99: 12.3 Monitoreo a los riesgos acorde con la política de administración de riesgo establecida para la entidad. | D99: Dimension de Direccionamiento Estrategico y Planeacion Politica de Planeacion Institucional. | E99: En la entidad se realizo de enero a noviembre de 2025 el seguimiento a los controles de los riesgos de proceso y se presento informe a al junta directiva de los riesgos Sicof y Sarlaft de acuerdo a la polìtica, el Manual y el Procedimiento gestiòn del riesgo, procedimiento que fue ajustado mediante Acuerdo aprobado por junta directiva en agosto de 2025, en donde se incluyeron nuevos riesgos a identificar con la metodologia AMFE como son los riesgos clinicos, individuales y sociales, igualmente se incluyeron los riesgos fiscales para que sean identificados con la metodologia DAFP. | F99: 3 | G99: 1 | I99: Los riesgos del HDPUV son monitoreados de acuerdo a la politica, manual y procedimiento gestión del riesgo, por consiguiente se realizó el seguimiento en desarrollo de estos instrumentos por control interno. El oficial de cumplimiento y el asesor de control interno presentaron ante la junta directiva los informes pertinentes a los riesgos Sicof y Sarlaf de lo gestionado en el segundo sememstre de la vigencia 2025. | J99: 3 | K99: =+IF(OR(ISBLANK(F99),ISBLANK(J99)),"",IF(OR(AND(F99=1,J99=1),AND(F99=1,J99=2),AND(F99=1,J99=3)),"Deficiencia de control mayor (diseño y ejecución)",IF(OR(AND(F99=2,J99=2),AND(F99=3,J99=1),AND(F99=3,J99=2),AND(F99=2,J99=1)),"Deficiencia de control (diseño o ejecución)",IF(AND(F99=2,J99=3),"Oportunidad de mejora","Mantenimiento del control")))) -> Mantenimiento del control | L99: =+IF(K99="",152,IF(K99="Deficiencia de control mayor (diseño y ejecución)",160,IF(K99="Deficiencia de control (diseño o ejecución)",180,IF(K99="Oportunidad de mejora",200,220)))) -> 220 | M99: 4.23656 | N99: =+L99+M99 -> 224.23656
G100: 2 | H100: la línea estratégica impartiò directrices en la gestiòn del riesgo del HDPUV, por consiguiente se realizó seguimiento de manera regular desde la segunda linea de defensa y tambien lo realizó la tercera linea de defensa conforme a lo establecido por el MIPG y el MECI.
G101: 3
G102: 4
G103: 5
G104: 6
G105: 7
G106: 8
B107: =+LEFT(C107,4) -> 12.4 | C107: 12.4 Verificación de que los responsables estén ejecutando los controles tal como han sido diseñados. | D107: Dimension Control Interno Segunda Linea de Defensa | E107: La entidad imparte las directrices a los líderes de procesos y sus equipos de trabajo, tendientes a ejecutar los controles identificados en los riesgos por procesos y que se estén observando de manera regular, para que desde el proceso se establezca si los controles están siendo efectivos o si requieren de un ajuste y asi evitar la materialización del riesgo. | F107: 3 | G107: 1 | H107: En el Comité de Coordinación de Control interno, la línea estratégica, imparte directrices a la primera y segunda línea, para que los responsables de la gestón del riesgo en cada uno de los procesos, lo realice las veces que estime conveniente, por cuanto se debe cumplir con tareas asignadas a los controles, verificación que realiza el Asesor de control interno de manera semestral de acuerdo a lo establecido en el procedimiento. | I107: Al seguimiento por control interno en el segundo sememstre de la vigencia 2025, se observó que los responsables de gestionar los controles de los riesgos identificados en los procesos, están cumpliendo con el desarrollo de los mismos por cuanto se verificó que los riesgos que se materializaron como el de caidas y el de evasión han tenido una disminución en su indicador comparados con la vigencia 2024 demostrando la eficacia de los controles. | J107: 3 | K107: =+IF(OR(ISBLANK(F107),ISBLANK(J107)),"",IF(OR(AND(F107=1,J107=1),AND(F107=1,J107=2),AND(F107=1,J107=3)),"Deficiencia de control mayor (diseño y ejecución)",IF(OR(AND(F107=2,J107=2),AND(F107=3,J107=1),AND(F107=3,J107=2),AND(F107=2,J107=1)),"Deficiencia de control (diseño o ejecución)",IF(AND(F107=2,J107=3),"Oportunidad de mejora","Mantenimiento del control")))) -> Mantenimiento del control | L107: =+IF(K107="",152,IF(K107="Deficiencia de control mayor (diseño y ejecución)",160,IF(K107="Deficiencia de control (diseño o ejecución)",180,IF(K107="Oportunidad de mejora",200,220)))) -> 220 | M107: 4.236568 | N107: =+L107+M107 -> 224.23657
G108: 2
G109: 3
G110: 4
G111: 5
G112: 6
G113: 7
G114: 8
B115: =+LEFT(C115,4) -> 12.5 | C115: 12.5 Se evalúa la adecuación de los controles a las especificidades de cada proceso, considerando cambios en regulaciones, estructuras internas u otros aspectos que determinen cambios en su diseño. | D115: Dimension Control Interno Lineas de Defensa | E115: La alta dirección imparte directrices a los lìderes de proceso para que monitoreen de manera regular los controles de los riesgos de sus procesos, con el objeto de corregir a tiempo desviaciones del control y evitar que se pueda materializar el riesgo. En el periodo enero-noviembre de 2025 se realizó seguimiento a la matrìz de riegos. | F115: 3 | G115: 1 | H115: La línea estratégica evaluò en el comité de Coordinación de control interno, los cambios realizados a la matriz de riesgos y a los controles, igualmente revisò el seguimiento presentado por el asesor de control interno en el cumplimiento de las acciones establecidas para estos controles y su indicador de avance. | I115: Se verificó que los controles son evaluados en cada uno de los procesos, estableciendo su eficacia y el cumplimiento de los mismos por el responsable en cada proceso, considerando siempre la normativa establecida para su identificación y monitoreo. | J115: 3 | K115: =+IF(OR(ISBLANK(F115),ISBLANK(J115)),"",IF(OR(AND(F115=1,J115=1),AND(F115=1,J115=2),AND(F115=1,J115=3)),"Deficiencia de control mayor (diseño y ejecución)",IF(OR(AND(F115=2,J115=2),AND(F115=3,J115=1),AND(F115=3,J115=2),AND(F115=2,J115=1)),"Deficiencia de control (diseño o ejecución)",IF(AND(F115=2,J115=3),"Oportunidad de mejora","Mantenimiento del control")))) -> Mantenimiento del control | L115: =+IF(K115="",152,IF(K115="Deficiencia de control mayor (diseño y ejecución)",160,IF(K115="Deficiencia de control (diseño o ejecución)",180,IF(K115="Oportunidad de mejora",200,220)))) -> 220 | M115: 4.3569 | N115: =+L115+M115 -> 224.3569
G116: 2
G117: 3
G118: 4
...

Sheet Info y Comunicación
C12: INFORMACIÓN Y COMUNICACIÓN
C13: Este componente verifica que las políticas, directrices y mecanismos de consecución, captura, procesamiento y generación de datos dentro y en el entorno de cada entidad, satisfagan la necesidad de divulgar los resultados, de mostrar mejoras en la gestión administrativa y procurar que la información y la comunicación de la entidad y de cada proceso sea adecuada a las necesidades específicas de los grupos de valor y grupos de interés. Se requiere que todos los servidores de la entidad reciban un claro mensaje de la Alta Dirección sobre las responsabilidades de control. Deben comprender su función frente al Sistema de Control Interno.
B15: ID | C15: Lineamiento 13: Utilización de información relevante (Identifica requisitos de información; Capta fuentes de datos internas y externas; Procesa datos relevantes y los transforma en información). | D15: DIMENSIÓN O POLÍTICA DEL MIPG ASOCIADA AL REQUERIMIENTO | E15: Explicación de cómo la Entidad evidencia que está dando respuesta al requerimiento Referencia a Procesos, Manuales/Políticas de Operación/Procedimientos/Instructivos u otros desarrollos que den cuente de su aplicación | F15: Presente (1/2/3) | G15: EVIDENCIA DEL CONTROL | J15: Funcionando (1/2/3) | K15: Evaluación
G17: No. | H17: Referencia a Análisis y verificaciones en el marco del Comité Institucional de Coordinación de Control Interno | I17: Observaciones de la evaluacion independiente (tener encuenta papel de líneas de defensa)
B19: =+LEFT(C19,4) -> 13.1 | C19: 13.1 La entidad ha diseñado sistemas de información para capturar y procesar datos y transformarlos en información para alcanzar los requerimientos de información definidos. | D19: Dimension de Informacion y comunicación | E19: En el periodo enero-noviembre de 2025 se han realizado varios contratos para continuar con la prestación del servicio entre ellos están: contrato CAO-015 con la empresa DATAWARE & TECH, en donde se tiene acceso a Dashboard estratégicos, tacticos y operativos que muestran información en tiempo real de los servicios de urgencias, hospitalización, consulta externa y facturación que es capturada desde sistemas de informacion del Hospital llamado Hosvital -His | F19: 3 | G19: 1 | H19: El comité de coordinación de control interno verifica que la trazabilidad de la información sea efectiva de acuerdo al proceso de implementaciòn del software Hosvital el cual permite, integrar la informaciòn de las áreas financiera, administrativa y asistencial. | I19: En la vigencia 2025 se realizó el contrato CAO-015 con la empresa DATAWARE & TECH, en donde se tiene acceso a Dashboard estratégicos, tacticos y operativos que muestran información en tiempo real de los servicios de urgencias, hospitalización, consulta externa y facturación que es capturada desde sistemas de informacion del Hospital llamado Hosvital -His | J19: 3 | K19: =+IF(OR(ISBLANK(F19),ISBLANK(J19)),"",IF(OR(AND(F19=1,J19=1),AND(F19=1,J19=2),AND(F19=1,J19=3)),"Deficiencia de control mayor (diseño y ejecución)",IF(OR(AND(F19=2,J19=2),AND(F19=3,J19=1),AND(F19=3,J19=2),AND(F19=2,J19=1)),"Deficiencia de control (diseño o ejecución)",IF(AND(F19=2,J19=3),"Oportunidad de mejora","Mantenimiento del control")))) -> Mantenimiento del control | L19: =+IF(K19="",231,IF(K19="Deficiencia de control mayor (diseño y ejecución)",240,IF(K19="Deficiencia de control (diseño o ejecución)",260,IF(K19="Oportunidad de mejora",280,300)))) -> 300 | M19: 4.4569 | N19: =+L19+M19 -> 304.4569
G20: 2 | H20: En el Comité se verifica que el Software tiene un módulo de reportes que permite a través de consultas a la base de datos generar informaciòn, para que el usuario final pueda organizarlos y analizarlos de acuerdo a su necesidad.
G21: 3
G22: 4
G23: 5
G24: 6
G25: 7
G26: 8
B27: =+LEFT(C27,4) -> 13.2 | C27: 13.2 La entidad cuenta con el inventario de información relevante (interno/externa) y cuenta con un mecanismo que permita su actualización. | D27: Dimension de Informacion y comunicación Politica de Transparencia y Acceso a la Informaciòn Publica | E27: La entidad cuenta con un formato: " registro de activos de informaciòn" donde se registra los activos de informaciòn, el esquema de publicación y el índice de informaciòn, clasificada y reservada, dando cumplimiento al Decreto 103 de 2015. | F27: 3 | G27: 1 | H27: En el Comité de Control interno se socializó la matríz que se actualiza periodicamente, en donde se relaciona el invertario de informaciòn (aerea, serie, subserie, descripción, idioma, medio de conservaciòn y/o transporte, formato publicada o disponible). | I27: Al seguimiento por control interno se estableció que se aplica el formato esquema de publicaciones conforme a lo establecido en la Resoluciòn 1519 de 2020, igualmente se evidenciò que la información relevante del hospital se encuentra publicada en el Índice de Transparencia y Acceso a la Información Pública (ITA) de la Procuraduría General de la Nación en donde se mide exclusivamente el grado de cumplimiento de las obligaciones de publicar la información derivada de la Ley 1712 de 2014, Ley de Transparencia y Acceso a la Informacion Pública. | J27: 3 | K27: =+IF(OR(ISBLANK(F27),ISBLANK(J27)),"",IF(OR(AND(F27=1,J27=1),AND(F27=1,J27=2),AND(F27=1,J27=3)),"Deficiencia de control mayor (diseño y ejecución)",IF(OR(AND(F27=2,J27=2),AND(F27=3,J27=1),AND(F27=3,J27=2),AND(F27=2,J27=1)),"Deficiencia de control (diseño o ejecución)",IF(AND(F27=2,J27=3),"Oportunidad de mejora","Mantenimiento del control")))) -> Mantenimiento del control | L27: =+IF(K27="",231,IF(K27="Deficiencia de control mayor (diseño y ejecución)",240,IF(K27="Deficiencia de control (diseño o ejecución)",260,IF(K27="Oportunidad de mejora",280,300)))) -> 300 | M27: 4.5632 | N27: =+L27+M27 -> 304.5632
G28: 2 | H28: Igualmente se presentó al comité, el esquema de publicación, (fecha de generación de información, frecuencia de actualización, lugar de consulta, nombre del responsable de la informaciòn, nombre del responsable de la producciòn de la informaciòn).
G29: 3
G30: 4
G31: 5
G32: 6
G33: 7
G34: 8
B35: =+LEFT(C35,4) -> 13.3 | C35: 13.3 La entidad considera un ámbito amplio de fuentes de datos (internas y externas), para la captura y procesamiento posterior de información clave para la consecución de metas y objetivos. | D35: Dimension de Informacion y comunicación Politica de Transparencia y Acceso a la Informaciòn Publica | E35: La entidad cuenta con un Software de información que permite captar y procesar información clave para el área administrativa, financiera y asistencial, también se cuenta con el servicio de información y atención al usuario SIAU, que permite captar y procesar información, relacionada con peticiones, quejas, reclamos y solicitudes por parte de los usuarios. Se verifico por control interno que en la actualidad el Hospital continúa con el uso del sistema de información Hosvital-His, que permite la captura y procesamiento de la información administrativa, financiera y asistencial de manera oportuna permitiendo la toma de decisiones. Que de acuerdo a las nuevas normativas emitidas por el Ministerio de Salud, el Hospital adquirio e implementó nuevos módulos de Hosvital como son el de la facturacion electrónica y RIPS. | F35: 3 | G35: 1 | H35: El comité de control interno verifica que se cuenta con un software de información. Actualmente se cuenta con el software de hosvital y verifica que éste permite captar y procesar información en el área administrativa, financiera y asistencial. | I35: Se verifico por control interno que en la actualidad el Hospital continúa con el uso del sistema de información Hosvital-His, que permite la captura y procesamiento de la información administrativa, financiera y asistencial de manera oportuna permitiendo la toma de decisiones. Que de acuerdo a las nuevas normativas emitidas por el Ministerio de Salud, el Hospital a adquirido e implementado nuevos modulos de Hosvital como son el de la facturacion electrónica y RIPS. | J35: 3 | K35: =+IF(OR(ISBLANK(F35),ISBLANK(J35)),"",IF(OR(AND(F35=1,J35=1),AND(F35=1,J35=2),AND(F35=1,J35=3)),"Deficiencia de control mayor (diseño y ejecución)",IF(OR(AND(F35=2,J35=2),AND(F35=3,J35=1),AND(F35=3,J35=2),AND(F35=2,J35=1)),"Deficiencia de control (diseño o ejecución)",IF(AND(F35=2,J35=3),"Oportunidad de mejora","Mantenimiento del control")))) -> Mantenimiento del control | L35: =+IF(K35="",231,IF(K35="Deficiencia de control mayor (diseño y ejecución)",240,IF(K35="Deficiencia de control (diseño o ejecución)",260,IF(K35="Oportunidad de mejora",280,300)))) -> 300 | M35: 4.6321 | N35: =+L35+M35 -> 304.6321
G36: 2 | H36: Verifica que se cuenta con la oficina de servicio de información y atención al usuario SIAU, donde se presta el servicio y solución a las manifestaciones.
G37: 3 | H37: El comité vertifa que a través de la ventanilla única, la página web, el correo institucional y los buzones, se recepcionan las manifestaciones y posteriormente son direccionadas a cada una de las áreas para que éstas contesten y solucionen en tiempo oportuno al usuario.
G38: 4
G39: 5
G40: 6
G41: 7
G42: 8
B43: =+LEFT(C43,4) -> 13.4 | C43: 13.4 La entidad ha desarrollado e implementado actividades de control sobre la integridad, confidencialidad y disponibilidad de los datos e información definidos como relevantes. | D43: Dimension de Informacion y comunicación Politica de Transparencia y Acceso a la Informaciòn Publica | E43: La entidad cuenta con el PETI en donde están detallados los proyectos a ejecutar en la vigencia 2025. Igualmente se continúa aplicando la politica y manual de seguridad de la informacion y el uso de los recursos informáticos lo que ha permitido la disponibilidad de los datos y que sean confiables. Con el apoyo del area de comunicaciones se han realizado piezas graficas y video socializando diferentes tips de seguridad del uso adecuado de la información, adicional desde el plan institucional de capacitaciones en el mes de abril del 2025 se socializo al personal asistencial los temas: Seguridad de la información (política, manual y acuerdo de confidencialidad), Link para reportar ataques a ColCERT (equipo de respuesta de emergencias cibernéticas de colombia), video de phishing, video buen uso de história clínica, tips de seguridad informática, contingencia de la história clínica y cuidados a los equipos informáticos. Teniendo una adherencia de 97,3% del total de los participantes. | F43: 3 | G43: 1 | H43: Ante el Comité de Coordinacion de Control interno se verifica que el área de información y comunicación cuenta con el PETI 2025 en donde se establecen los proyectos a ejecutar en la vigencia. | I43: El Hospital actualizo el plan estratégico de tecnologías de la información, con el apoyo de una empresa asesora llamada ALDEALAB en donde se establecieron los proyectos macros para ejecutar en el periodo 2025-2028, el cual fue aprobado bajo la resolucion 059 de enero de 2025. Con el apoyo del área de comunicaciones se han realizado piezas graficas y video socializando diferentes tips de seguridad del uso adecuado de la información, adicional desde el plan institucional de capacitaciones en el mes de abril del 2025 se socializo al personal asistencial los temas: Seguridad de la información (política, manual y acuerdo de confidencialidad), Link para reportar ataques a ColCERT (equipo de respuesta de emergencias cibernéticas de colombia), video de phishing, video buen uso de história clínica, tips de seguridad informática, contingencia de la história clínica y cuidados a los equipos informáticos. Teniendo una adherencia de 97,3% del total de los participantes. | J43: 3 | K43: =+IF(OR(ISBLANK(F43),ISBLANK(J43)),"",IF(OR(AND(F43=1,J43=1),AND(F43=1,J43=2),AND(F43=1,J43=3)),"Deficiencia de control mayor (diseño y ejecución)",IF(OR(AND(F43=2,J43=2),AND(F43=3,J43=1),AND(F43=3,J43=2),AND(F43=2,J43=1)),"Deficiencia de control (diseño o ejecución)",IF(AND(F43=2,J43=3),"Oportunidad de mejora","Mantenimiento del control")))) -> Mantenimiento del control | L43: =+IF(K43="",231,IF(K43="Deficiencia de control mayor (diseño y ejecución)",240,IF(K43="Deficiencia de control (diseño o ejecución)",260,IF(K43="Oportunidad de mejora",280,300)))) -> 300 | M43: 4.7896 | N43: =+L43+M43 -> 304.7896
G44: 2 | H44: El Comité revisa que el plan estratégico de las tecnologías de la información cuente con principios y políticas para el adecuado uso de la información y así garantizar la integridad, confidencialidad y disponibilidad de datos e información a nuestros usuarios.
G45: 3 | H45: Ante el comité de control interno se informo que para el periodo enero-agosto de 2025 se continuó dando a conocer a toda la comunidad hospitalaria la política y manual de seguridad de la información y uso de los recursos informáticos, con el fin de culturizar a todo el personal con la importancia del manejo de la información
G46: 4
G47: 5
G48: 6
G49: 7
G50: 8
C51: Lineamiento 14: Comunicación Interna (Se comunica con el Comité Institucional de Coordinación de Control Interno o su equivalente; Facilita líneas de comunicación en todos los niveles; Selecciona el método de comunicación pertinente). | D51: DIMENSIÓN O POLÍTICA DEL MIPG ASOCIADA AL REQUERIMIENTO | E51: Explicación de cómo la Entidad evidencia que está dando respuesta al requerimiento Referencia a Procesos, Manuales/Políticas de Operación/Procedimientos/Instructivos u otros desarrollos que den cuente de su aplicación | F51: Presente (1/2/3) | G51: EVIDENCIA DEL CONTROL | J51: Funcionando (1/2/3) | K51: Evaluación
G53: No. | H53: Referencia a Análisis y verificaciones en el marco del Comité Institucional de Coordinación de Control Interno | I53: Observaciones de la evaluacion independiente (tener encuenta papel de líneas de defensa)
B55: =+LEFT(C55,4) -> 14.1 | C55: 14.1 Para la comunicación interna la Alta Dirección tiene mecanismos que permitan dar a conocer los objetivos y metas estratégicas, de manera tal que todo el personal entiende su papel en su consecución. (Considera los canales más apropiados y evalúa su efectividad). | D55: Dimension de Informacion y comunicación | E55: En el primer semestre del año 2025, se realizó la actualización del Plan Estratégico de comunicaciones y la matriz de comunicaciones que proyecta las diferentes actividades de año en curso. El HDPUV cuenta con diferentes canales de comunicación interna y externa, este año, se ha implementado el Canal de WhatsApp, el cual da información oportuna de las actividades y eventos de la institución, publicados en redes sociales. También se implementó una nueva pantalla informativa en consulta externa, que permite a los usuarios en sala de espera para atencion en caja, visualizar el contenido institucionall que se proyecta. | F55: 3 | G55: 1 | H55: Ante el comité de control interno se presentan los avances del plan de comunicaciones institucional y en este se toman decisiones sobre el correcto y adecuado tratamiento de los canales internos de comunicación. Se realizó el seguimiento desde la matriz de comunicaciones sobre el desarrollo de las actividades programadas para la vigencia. De igual manera se presentó el informe de evaluación del proceso de mercadeo y comunicaciones y los resultados, impacto y efectividad de la comunicación interna fue realizada a través de una encuesta efectuada a toda la comunidad hospitalaria en el primer semestre de la vigencia 2025. | I55: Durante la vigencia 2025 se observó por control interno que el Hospital Departamental Psiquiátrico Universitario del Valle E.S.E. fortaleció las acciones desarrolladas en el año anterior, consolidando avances significativos en materia de comunicación institucional. En el primer semestre de 2025 se llevó a cabo la actualización del Plan Estratégico de Comunicaciones y la Matriz de Comunicaciones, proyectando las actividades para la presente vigencia. Se mantienen y optimizan los diferentes canales internos y externos de comunicación, destacando el uso del Canal de WhatsApp institucional, implementado en 2024, el cual sigue garantizando la difusión oportuna de información sobre actividades y eventos, previamente publicados en redes sociales oficiales. Asimismo, la pantalla informativa en el área de consulta externa continúa siendo una herramienta clave para brindar a los usuarios contenidos institucionales mientras esperan atención, reforzando la estrategia de comunicación directa y accesible. Desde la perspectiva de seguimiento de Control Interno, en 2025 se evidenció la gestión continua en la contratación y soporte del portal web institucional, asegurando su mantenimiento, actualización y cumplimiento de la normativa vigente. Se destaca la actualización permanente del menú de Transparencia y Acceso a la Información Pública, en concordancia con lo dispuesto en la Ley 1712 de 2014 y la Resolución 1519 de 2020, garantizando la publicación oportuna de informes y documentos requeridos por la ley. De igual manera, se verificó el cumplimiento de la matriz de comunicaciones de la vigencia 2024 en un 100% y para el 2025 se proyecta mantener este nivel de cumplimiento, asegurando que todos los mensajes, campañas y flujos de información institucional continúen siendo gestionados de manera clara, estratégica y oportuna. El seguimiento realizado permite evidenciar que el proceso de Mercadeo y Comunicaciones mantiene un desarrollo efectivo y articulado con los objetivos institucionales, consolidando los avances alcanzados en 2024 y proyectando nuevas acciones que fortalecen la comunicación con la comunidad hospitalaria y la ciudadanía en general. | J55: 3 | K55: =+IF(OR(ISBLANK(F55),ISBLANK(J55)),"",IF(OR(AND(F55=1,J55=1),AND(F55=1,J55=2),AND(F55=1,J55=3)),"Deficiencia de control mayor (diseño y ejecución)",IF(OR(AND(F55=2,J55=2),AND(F55=3,J55=1),AND(F55=3,J55=2),AND(F55=2,J55=1)),"Deficiencia de control (diseño o ejecución)",IF(AND(F55=2,J55=3),"Oportunidad de mejora","Mantenimiento del control")))) -> Mantenimiento del control | L55: =+IF(K55="",231,IF(K55="Deficiencia de control mayor (diseño y ejecución)",240,IF(K55="Deficiencia de control (diseño o ejecución)",260,IF(K55="Oportunidad de mejora",280,300)))) -> 300 | M55: 4.8965 | N55: =+L55+M55 -> 304.8965
G56: 2 | H56: El hospital a través del proceso de mercadeo y comunicaciones, continúa utilizando los grupos de whatsapp para el envío de información oportuna referente a comunicados, eventos y noticias de interés para toda la comunidad. Los canales externos de comunicación cuentan con un alto alcance de visitas, lo que representa mayor nivel de posicionamiento frente a la información de interés relacionada con temas de salud mental y promoción de la salud.
G57: 3
G58: 4
G59: 5
G60: 6
G61: 7
G62: 8
B63: =+LEFT(C63,4) -> 14.2 | C63: 14.2 La entidad cuenta con políticas de operación relacionadas con la administración de la información (niveles de autoridad y responsabilidad) | D63: Dimension de Informacion y comunicación | E63: En la entidad se cuenta con el PRO-GIN-08 que es el procedimiento de Estadistica y Gestión de la información donde se indica como es el proceso para la solicitud de información a cargo del área de estadistica. Se continúa aplicando el FOR-GIN-42 para la creación de nuevos usuarios en el sistema de información y realizando una depuración de los usuarios con apoyo del área de talento humano quien notifica la renuncia de cada funcionario. Igualmente se continúa con la aplicación de la politica y manual de seguridad de la información y uso de los recursos informaticos. | F63: 3 | G63: 1 | H63: El comité de control interno verifica que las politicas y planes implementados, están operando efectivamente con la captación, procesamiento, administración, confidencialidad, responsabilidad y seguridad de la información que se genera en el hospital. | I63: En la vigencia 2025 se observa que no se ha materializado ningún riesgo en el área de sistemas y se continúa realizando los backup con las frecuencias establecidas en el PRO-GIN-06. Se evidencia que en este periodo, los lideres de procesos realizan el envio a través del correo electrónico del formato de creación de usuario FOR-GIN-42 para que el area de sistemas realice la creación de los usuarios en los sistemas de información de acuerdo al cargo del nuevo funcionario | J63: 3 | K63: =+IF(OR(ISBLANK(F63),ISBLANK(J63)),"",IF(OR(AND(F63=1,J63=1),AND(F63=1,J63=2),AND(F63=1,J63=3)),"Deficiencia de control mayor (diseño y ejecución)",IF(OR(AND(F63=2,J63=2),AND(F63=3,J63=1),AND(F63=3,J63=2),AND(F63=2,J63=1)),"Deficiencia de control (diseño o ejecución)",IF(AND(F63=2,J63=3),"Oportunidad de mejora","Mantenimiento del control")))) -> Mantenimiento del control | L63: =+IF(K63="",231,IF(K63="Deficiencia de control mayor (diseño y ejecución)",240,IF(K63="Deficiencia de control (diseño o ejecución)",260,IF(K63="Oportunidad de mejora",280,300)))) -> 300 | M63: 4.9854 | N63: =+L63+M63 -> 304.9854
G64: 2 | H64: Se revisa que la matríz de activos de la información, permita tener claro la información que se genera en la entidad y las áreas responsables de su tratamiento y disponibilidad
G65: 3
G66: 4
G67: 5
G68: 6
G69: 7
G70: 8
B71: =+LEFT(C71,4) -> 14.3 | C71: 14.3 La entidad cuenta con canales de información internos para la denuncia anónima o confidencial de posibles situaciones irregulares y se cuenta con mecanismos específicos para su manejo, de manera tal que generen la confianza para utilizarlos. | D71: Dimension de Informacion y comunicación | E71: Se ha cumplido en los tres trimestres de la vigencia 2025 con la apertura de los buzones de acuerdo al cronograma y la atención por los diferentes canales destinados a conocer las opiniones de los usuarios y su nivel de satisfacción e inquietudes respecto a la institución hospitalaria. | F71: 3 | G71: 1 | H71: En el Comité de Control interno se revisa la efectividad de los canales de información que tiene la entidad, verifica que se publiquen los informes de PQRS y que se de respuesta oportuna a todas las manifestaciones. La linea estratégica imparte directrices tendientes al adecuado manejo de los canales de información, evitando con ellos situaciones irregulares para su manejo. | I71: En el periodo enero-octubre de 2025 se evaluaron de manera trimestral las PQRS, el asesor de control interno realizò seguimiento a las manifestaciones PQRS, en donde verificò que se han realizado los informes trimestrales y éstos fueron publicados en la página web en transparencia. Para el periodo enero-julio se recibieron un total de 293 manifestaciones de las cuales: 266 son felicitaciones cuyo porcentaje es del 90,8%; Quejas 22 cuyo porcentaje es 7,5%; Peticiones 1 con porcentaje del 03%, sugerencias 2 porcentaje del 0.7% y reclamos 2 cuyo porcentaje es del 0.7%. La entidad tienen publicado en su página web la linea denuncia para la ciudadanía. el cuarto trimestre finaliza el 31 de diciembre de 2025 en donde se consolidaran los indicadores de las PQRS, en la primera semana del mes de enero de 2026. | J71: 3 | K71: =+IF(OR(ISBLANK(F71),ISBLANK(J71)),"",IF(OR(AND(F71=1,J71=1),AND(F71=1,J71=2),AND(F71=1,J71=3)),"Deficiencia de control mayor (diseño y ejecución)",IF(OR(AND(F71=2,J71=2),AND(F71=3,J71=1),AND(F71=3,J71=2),AND(F71=2,J71=1)),"Deficiencia de control (diseño o ejecución)",IF(AND(F71=2,J71=3),"Oportunidad de mejora","Mantenimiento del control")))) -> Mantenimiento del control | L71: =+IF(K71="",231,IF(K71="Deficiencia de control mayor (diseño y ejecución)",240,IF(K71="Deficiencia de control (diseño o ejecución)",260,IF(K71="Oportunidad de mejora",280,300)))) -> 300 | M71: 5.0123 | N71: =+L71+M71 -> 305.0123
G72: 2 | H72: Se realizó la socialización de los canales de comunicación referentes al uso de los buzones de sugerencias y página web, donde el usuario expresa sus manifestaciones frente a la oportunidad y calidad del servcio de la entidad, respetando la confidencialidad en el tratamiento de datos.
G73: 3
G74: 4
G75: 5
G76: 6
G77: 7
G78: 8
B79: =+LEFT(C79,4) -> 14.4 | C79: 14.4 La entidad establece e implementa políticas y procedimientos para facilitar una comunicación interna efectiva. | D79: Dimension de Informacion y comunicación | E79: La entidad cuenta con una política de comunicaciones la cual esta orientada al fortalecimiento de la comunicación informativa y organizacional, para el cumplimiento de los objetivos institucionales y sociales, informando a las partes interesadas de la gestión de esta empresa social del estado, permitiendo también la interlocución de los colaboradores para la construcción de la identidad institucional. La politica a la fecha no ha tenido ningún tipo de actualización. Se le ha hecho seguimiento a través de las evaluaciones periódicas del proceso de la vigencia anterior el cual corresponde al 91% de satisfacción del cliente interno. | F79: 3 | G79: 1 | H79: La línea estratégica imparte directrices frente a la comunicación informativa y organizacional, verificando que se cumplan los objetivos establecidos en la política y el procedimiento para facilitar la comunicación interna. | I79: Conforme al seguimiento enero-noviembre de 2025, el Hospital Departamental Psiquiátrico Universitario del Valle E.S.E. ha continuado con la implementación de su Plan de Comunicaciones Institucional, alcanzando a la fecha un avance del 95% en su ejecución, lo que evidencia un cumplimiento progresivo de las actividades programadas. De igual forma, la Matriz de Comunicaciones presenta un avance del 90.5%, lo cual refleja un seguimiento permanente a la gestión comunicacional, garantizando que los flujos de información se desarrollen de manera clara, estratégica y oportuna. El indicador final de cumplimiento se evaluara una vez cierre el segundo semestre de la vigencia 2025. Durante este año, se ha fortalecido la alimentación de los distintos canales de comunicación institucional, asegurando la difusión de información relevante tanto a nivel interno como externo. Estos esfuerzos han contribuido a mantener la interacción activa con la comunidad hospitalaria y la ciudadanía en general, reforzando la transparencia y el acceso a la información pública en cumplimiento de la Ley 1712 de 2014 y la Resolución 1519 de 2020. La entidad ha continuado consolidando políticas y procedimientos de comunicación interna, lo que ha favorecido la coordinación entre procesos y la articulación institucional. La Matriz de Comunicaciones, utilizada como principal instrumento de gestión, asegura que los mensajes y campañas mantengan pertinencia y oportunidad. En cuanto a los resultados en redes sociales, se observa una continuidad en el crecimiento sostenido de la comunidad virtual, consolidando la visibilidad institucional con más del 80% de incremento en el alcance y la interacción digital. Este posicionamiento ha permitido ampliar el impacto de los mensajes de salud mental y fortalecer la imagen del hospital como referente departamental y nacional en el ámbito de la salud mental. | J79: 3 | K79: =+IF(OR(ISBLANK(F79),ISBLANK(J79)),"",IF(OR(AND(F79=1,J79=1),AND(F79=1,J79=2),AND(F79=1,J79=3)),"Deficiencia de control mayor (diseño y ejecución)",IF(OR(AND(F79=2,J79=2),AND(F79=3,J79=1),AND(F79=3,J79=2),AND(F79=2,J79=1)),"Deficiencia de control (diseño o ejecución)",IF(AND(F79=2,J79=3),"Oportunidad de mejora","Mantenimiento del control")))) -> Mantenimiento del control | L79: =+IF(K79="",231,IF(K79="Deficiencia de control mayor (diseño y ejecución)",240,IF(K79="Deficiencia de control (diseño o ejecución)",260,IF(K79="Oportunidad de mejora",280,300)))) -> 300 | M79: 5.1236 | N79: =+L79+M79 -> 305.1236
G80: 2 | H80: Se diseñaron estratégias de comunicación interna, proyectadas desde la matríz de comunicaciones, las cuales se realizan de manera presencial a través de campañas institucionales internas y la participación en eventos interinstitucionales de salud mental y virtual a través del uso de las redes sociales y la página web, cumpliendo con el programa en el periodo enero-noviembre de 2025.
G81: 3
G82: 4
G83: 5
G84: 6
G85: 7
G86: 8
C87: Lineamiento 15: Comunicación con el exterior (Se comunica con los grupos de valor y con terceros externos interesados; Facilita líneas de comunicación). | D87: DIMENSIÓN O POLÍTICA DEL MIPG ASOCIADA AL REQUERIMIENTO | E87: Explicación de cómo la Entidad evidencia que está dando respuesta al requerimiento Referencia a Procesos, Manuales/Políticas de Operación/Procedimientos/Instructivos u otros desarrollos que den cuente de su aplicación | F87: Presente (1/2/3) | G87: EVIDENCIA DEL CONTROL | J87: Funcionando (1/2/3) | K87: Evaluación
G89: No. | H89: Referencia a Análisis y verificaciones en el marco del Comité Institucional de Coordinación de Control Interno | I89: Observaciones de la evaluacion independiente (tener encuenta papel de líneas de defensa)
B91: =+LEFT(C91,4) -> 15.1 | C91: 15.1 La entidad desarrolla e implementa controles que facilitan la comunicación externa, la cual incluye políticas y procedimientos. Incluye contratistas y proveedores de servicios tercerizados (cuando aplique). | D91: Dimension de Informacion y Comunicación Dimension de Control Interno Primera Linea de Defensa | E91: En el proceso de Mercadeo y Comunicaciones se ha venido cumpliendo en lo que va corrido del periodo enero-noviembre de 2025 con lo establecido en la matríz de comunicaciones en donde se proyecta toda la comunicación interna y externa de los diferentes procesos de la institución, por consiguiente se realizó el seguimiento mensual y en los indicadores de gestión del proceso se determinó el porcentaje del avance de la matriz y el cumplimiento del plan estratégico de comunicaciones. Igualmente se tienen identificados los riegos del proceso y el plan de acción. El Hospital a través del proceso de Mercadeo y Comunicaciones divulga la información generada dentro de la entidad de manera externa, con la cual se busca crear impacto en la comunidad y en los diferentes grupos de interés, además de mantener informado al usuario respecto a las acciones del Hospital Departamental Psiquiátrico Universitario del Valle. La entidad establece que el proceso de comunicación informativa, se debe dar a conocer a través de los medios de comunicación externa y las actividades y pronunciamientos de la gerencia y las diferentes dependencias que la acompañan en su gestión administrativa se realiza a través de estrategias de comunicación que informen a todos los públicos sobre las acciones y planes, cuidados, mecanismos de participación, procesos pedagógicos y servicios realizados dentro de la entidad y que son de interés público. | F91: 3 | G91: 1 | H91: Ante la línea estratégica se presenta el control de contenidos y de imágen que está a cargo del proceso de Mercadeo y Comunicaciones. El comité de control interno revisa los controles implementados de acuerdo a la politica y al procedimiento. | I91: En la vigencia 2025, la entidad desarrolló y se implementaron los controles que fortalecen la comunicación externa, los cuales incluyen políticas y procedimientos que abarcan tanto al talento humano institucional como a contratistas y proveedores de servicios tercerizados. Se verificó que para este periodo de 2025, el seguimiento de Control Interno permite evidenciar un avance del 95% en la ejecución de la política y el plan de comunicaciones, reflejado en la producción y difusión de piezas comunicativas en diversos formatos (posts, clips, historias, carteleras y contenidos multimedia), que han contribuido al posicionamiento de la institución y al fortalecimiento de su imagen corporativa. De manera destacada, se implementó la estrategia de publicación en carteleras de terceros (contratistas y proveedores) de la información relacionada con los planes de mejoramiento institucional, garantizando así que los aliados estratégicos también se mantengan informados y articulados con los objetivos de calidad y transparencia del hospital. Estos resultados consolidan a la entidad como referente en su sector, asegurando que los valores y logros institucionales sean proyectados con claridad, cercanía y profesionalismo, en coherencia con el compromiso hacia la transparencia y la excelencia en los procesos comunicativos. | J91: 3 | K91: =+IF(OR(ISBLANK(F91),ISBLANK(J91)),"",IF(OR(AND(F91=1,J91=1),AND(F91=1,J91=2),AND(F91=1,J91=3)),"Deficiencia de control mayor (diseño y ejecución)",IF(OR(AND(F91=2,J91=2),AND(F91=3,J91=1),AND(F91=3,J91=2),AND(F91=2,J91=1)),"Deficiencia de control (diseño o ejecución)",IF(AND(F91=2,J91=3),"Oportunidad de mejora","Mantenimiento del control")))) -> Mantenimiento del control | L91: =+IF(K91="",231,IF(K91="Deficiencia de control mayor (diseño y ejecución)",240,IF(K91="Deficiencia de control (diseño o ejecución)",260,IF(K91="Oportunidad de mejora",280,300)))) -> 300 | M91: 5.2369 | N91: =+L91+M91 -> 305.2369
G92: 2 | H92: El proceso de Mercadeo y Comunicaciones realizó la publicación en los diferentes canales de comunicaión de la información suminitrada por los diferentes procesos de la institución, la cual fue proyectada en piezas gráficas, impresos y videos clips, para uso informativo de colaboradores, usuarios y comunidad en general.
G93: 3
G94: 4
G95: 5
G96: 6
G97: 7
G98: 8
B99: =+LEFT(C99,4) -> 15.2 | C99: 15.2 La entidad cuenta con canales externos definidos de comunicación, asociados con el tipo de información a divulgar, y éstos son reconocidos a todo nivel de la organización. | D99: Dimension de Informacion y Comunicación Politica de Transparencia, acceso a la información pública y lucha contra la corrupción | E99: La entidad cuenta con un Sitio web www.psiquiatricocali.gov.co, en donde establece que debe ser un compendio virtual de los aspectos institucionales, administrativos, sociales, comerciales, jurídicos y normativos. Frente a los canales externos, la entidad ha presentado un gran avance en el alcance y seguidores de nuestras redes sociales, en total se evidencia que mensualmente subimos en más de 100 personas, estas visitas estan: la página web en el primer semestre del año ha tenido mas de 45 mil visitas y las redes sociales (faceebook, instagram X y Youtube) han alcanzado alrededor de 65 mil personas, las notas freepress se han enviado a distintos medios de comunicacion regional y nacional, la revista institucional se reemplazo por la participacion activa en la revista del Congreso de la República y la Revista de ASOHOSVAL asi mismo el boletín “Ponte al Día” se ha publicado y otros espacios de difusión que han permitido consolidar la presencia del hospital en medios interinstitucionales y comunitarios. Igualmente cuenta con el Portafolio de servicios, en donde toda información que sea puesta en los circuitos informativos propende a promocionar los servicios que presta el HDPUV ESE, además de la actualización y avances en nuevas modalidades científicas, terapéuticas y administrativas para hacerlos más eficientes. | F99: 3 | G99: 1 | H99: La línea estratégica revisa e imparte las directrices para la publicación de la Revista informativa Intitucional. Éste es el órgano institucional de psicoeducación a la ciudadanía que promueve la salud mental como un estado de bienestar; ofrece una agenda setting alrededor de la salud mental. | I99: En la vigencia 2025, la entidad mantiene definidos y en operación 10 canales externos de comunicación, asociados con el tipo de información a divulgar y reconocidos en todos los niveles de la organización como medios estratégicos para la proyección institucional. Durante este periodo, se ha evidenciado un crecimiento significativo en las visitas a la página web y un aumento en el alcance e interacción en redes sociales, lo cual demuestra una mayor participación de la comunidad en los contenidos institucionales. Estas visitas estan: la página web en el primer semestre del año ha tenido mas de 45 mil visitas y las redes sociales (faceebook, instagram X y Youtube) han alcanzado alrededor de 65 mil personas, las notas freepress se han enviado a distintos medios de comunicacion regional y nacional, la revista institucional se reemplazo por la participacion activa en la revista del Congreso de la República y la Revista de ASOHOSVAL asi mismo el boletín “Ponte al Día” se ha publicado y otros espacios de difusión que han permitido consolidar la presencia del hospital en medios interinstitucionales y comunitarios. De igual manera, los canales externos han continuado posicionándose como herramientas efectivas para divulgar información de interés general, fortalecer la cultura de la transparencia y proyectar a la institución como un referente en salud mental a nivel departamental y naciona | J99: 3 | K99: =+IF(OR(ISBLANK(F99),ISBLANK(J99)),"",IF(OR(AND(F99=1,J99=1),AND(F99=1,J99=2),AND(F99=1,J99=3)),"Deficiencia de control mayor (diseño y ejecución)",IF(OR(AND(F99=2,J99=2),AND(F99=3,J99=1),AND(F99=3,J99=2),AND(F99=2,J99=1)),"Deficiencia de control (diseño o ejecución)",IF(AND(F99=2,J99=3),"Oportunidad de mejora","Mantenimiento del control")))) -> Mantenimiento del control | L99: =+IF(K99="",231,IF(K99="Deficiencia de control mayor (diseño y ejecución)",240,IF(K99="Deficiencia de control (diseño o ejecución)",260,IF(K99="Oportunidad de mejora",280,300)))) -> 300 | M99: 5.3654 | N99: =+L99+M99 -> 305.3654
G100: 2 | H100: Ante el comité de Coordinación de control interno se continúa presentando la Revista digital de Binestar Mental que contiene información de interés para toda la comunidad, contiene los avances, logros y un informe especial relacionado con la salud mental.
G101: 3
G102: 4
G103: 5
G104: 6
G105: 7
G106: 8
B107: =+LEFT(C107,4) -> 15.3 | C107: 15.3 La entidad cuenta con procesos o procedimiento para el manejo de la información entrante (quién la recibe, quién la clasifica, quién la analiza), y a la respuesta requierida (quién la canaliza y la responde). | D107: Dimension de Informacion y Comunicación Politica de Gestion Documental Politica de Transparencia, acceso a la información pública y lucha contra la corrupción | E107: Se evidenció que el proceso de gestión documental cuenta con la política de Gestión Documental actualizada Resolución Nº 578 del 19 Nov-2024, igualmente con el Programa de Gestión Documental; con el PINAR fue creado por Resolución 282 de 29 de junio de 2021; con las Tablas de Retención Documental que seran actualizadas en la vigencia 2026. La entidad cuenta con el programa de gestión documental, la politica de gestión documental y el plan estratégico de tecnologías de la información, ventanilla única, así como con la política de transparencia y acceso a la información pública y la lucha contra la corrupción y también cuenta con el procedimiento estadistica y gestión de la información (PRO-GIN-08) | F107: 3 | G107: 1 | H107: En el comité de control interno se revisa el cumplimiento de los objetivos de la política de gestión documental y el programa de gestión documental y se imparten directrices a desarrollar en la gestión documental del hospital. Este cumplimiento de objetivos es revisado en el Comite de Gestión y Desempeño igualmente. | I107: Se evidenció al seguimiento por control interno, que el proceso de gestión documental cuenta con la política de Gestión Documental actualizada Resolución Nº 578 del 19 Nov-2024, igualmente con el Programa de Gestión Documental. Cuenta con el PINAR que fue creado por Resolución 282 de 29 de junio de 2021; con las Tablas de Retención Documental que serán actualizadas en la vigencia 2026. | J107: 3 | K107: =+IF(OR(ISBLANK(F107),ISBLANK(J107)),"",IF(OR(AND(F107=1,J107=1),AND(F107=1,J107=2),AND(F107=1,J107=3)),"Deficiencia de control mayor (diseño y ejecución)",IF(OR(AND(F107=2,J107=2),AND(F107=3,J107=1),AND(F107=3,J107=2),AND(F107=2,J107=1)),"Deficiencia de control (diseño o ejecución)",IF(AND(F107=2,J107=3),"Oportunidad de mejora","Mantenimiento del control")))) -> Mantenimiento del control | L107: =+IF(K107="",231,IF(K107="Deficiencia de control mayor (diseño y ejecución)",240,IF(K107="Deficiencia de control (diseño o ejecución)",260,IF(K107="Oportunidad de mejora",280,300)))) -> 300 | M107: 5.4563 | N107: =+L107+M107 -> 305.4563
G108: 2 | H108: El plan estratégico de tecnologías es socializado en el comité de control interno, y desde ahí se imparten directrices sobre la información y clasificación de la información en la institución y con el apoyo del área de estadistica se establece la metodología para la aplicación de datos y el diagrama de flujo de información, para que le permita a la entidad tener claro como es el proceso del viaje interno de la información.
G109: 3 | H109: Con el procedimiento estadistica y gestión de la información se establecen los pasos para la generación y el manejo de la información , la clasificación de las solicitudes y las métricas para medir la entrega y satisfacción de la información ( el estadistico maneja los indicadores)
G110: 4
G111: 5
G112: 6
G113: 7
G114: 8
B115: =+LEFT(C115,4) -> 15.4 | C115: 15.4 La entidad cuenta con procesos o procedimientos encaminados a evaluar periodicamente la efectividad de los canales de comunicación con partes externas, así como sus contenidos, de tal forma que se puedan mejorar. | D115: Dimension de Informacion y Comunicación Politica deControl Interno Lineas de Defensa | E115: La entidad cuenta con el mecanismo de evaluación periódica para analizar el grado de ejecución y resultados e impactos logrados por el Plan de Comunicación, asi mismo, la calidad de la programación de la estrategia de comunicación y de las medidas aplicadas para garantizar la publicidad de la intervención y el cumplimiento de los requisitos, ésta se hace a través de un cuestionario on‐line semestral de comunicaciones, el cual arrojo un 100% en el indicador de satisfacción, este se realiza actualmente en la plataforma de google forms y se envía a los correos electrónicos y grupos de whatsapp de todo el personal, cuyo objetivo es conseguir información de carácter cualitativo y la opinión de los colaboradores en la implementación y gestión. | F115: 3 | G115: 1 | H115: En el comité de control interno se deben tomar decisiones frente al logro de los objetivos que debe alcanzar la entidad y establecer los lineamientos para la implementacion de la gestón en el proceso de mercadeo y comunicaciones. | I115: La entidad cuenta con procesos o procedimientos encaminados a evaluar periódicamente la efectividad de los canales de comunicación con partes externas, así como sus contenidos de tal forma que se puedan mejorar En la vigencia 2025, la entidad desarrolló procesos de seguimiento y evaluación periódica sobre la efectividad de sus canales externos de comunicación y de los contenidos que se difunden en ellos. Este ejercicio se realiza de manera articulada con el Plan Estratégico de Comunicaciones Institucional y el Plan Operativo Anual, garantizando que las acciones comunicativas se ajusten a las necesidades de los diferentes públicos. Como parte de esta evaluación, se han venido realizando monitoreos mensuales a las plataformas digitales y canales externos, lo que ha permitido identificar el impacto de las publicaciones y ajustar oportunamente los contenidos para mejorar su alcance y pertinencia. De igual forma, se han socializado los avances y resultados con la comunidad hospitalaria, fortaleciendo la transparencia y el compromiso institucional en torno a la comunicación efectiva. Durante este periodo, se ha observado un crecimiento sostenido en el uso y la interacción en redes sociales, así como un aumento en el interés por los contenidos institucionales publicados en la página web. Estos resultados reflejan que los procesos de evaluación aplicados han facilitado la optimización de las estrategias de comunicación, consolidando las redes sociales y los canales digitales como medios de consulta activa tanto a nivel interno como externo. Asimismo, la participación en eventos académicos y de sensibilización en salud mental y seguridad del paciente ha contribuido a proyectar los mensajes institucionales de manera más amplia, generando un impacto positivo en la visibilidad y posicionamiento de la organización como referente en el ámbito de la salud mental. | J115: 3 | K115: =+IF(OR(ISBLANK(F115),ISBLANK(J115)),"",IF(OR(AND(F115=1,J115=1),AND(F115=1,J115=2),AND(F115=1,J115=3)),"Deficiencia de control mayor (diseño y ejecución)",IF(OR(AND(F115=2,J115=2),AND(F115=3,J115=1),AND(F115=3,J115=2),AND(F115=2,J115=1)),"Deficiencia de control (diseño o ejecución)",IF(AND(F115=2,J115=3),"Oportunidad de mejora","Mantenimiento del control")))) -> Mantenimiento del control | L115: =+IF(K115="",231,IF(K115="Deficiencia de control mayor (diseño y ejecución)",240,IF(K115="Deficiencia de control (diseño o ejecución)",260,IF(K115="Oportunidad de mejora",280,300)))) -> 300 | M115: 5.5632 | N115: =+L115+M115 -> 305.5632
G116: 2 | H116: En el comité de coordinación de control interno se revisó la evaluación y el grado de efectividad de las comunicacines institucionales.
G117: 3
G118: 4
...

Sheet Actividades de Monitoreo
C14: ACTIVIDADES DE MONITOREO
C15: Este componente considera actividades en el día a día de la gestión institucional, así como a través de evaluaciones periódicas (autoevaluación, auditorías). Su propósito es valorar: (i) la efectividad del control interno de la entidad pública; (ii) la eficiencia, eficacia y efectividad de los procesos; (iii) el nivel de ejecución de los planes, programas y proyectos; (iv) los resultados de la gestión, con el propósito de detectar desviaciones, establecer tendencias, y generar recomendaciones para orientar las acciones de mejoramiento de la entidad pública.
B17: ID | C17: Lineamiento 16. Evaluaciones continuas y/o separadas (autoevaluación, auditorías) para determinar si los componentes del Sistema de Control Interno están presentes y funcionando. | D17: DIMENSIÓN O POLÍTICA DEL MIPG ASOCIADA AL REQUERIMIENTO | E17: Explicación de cómo la Entidad evidencia que está dando respuesta al requerimiento Referencia a Procesos, Manuales/Políticas de Operación/Procedimientos/Instructivos u otros desarrollos que den cuente de su aplicación | F17: Presente (1/2/3) | G17: EVIDENCIA DEL CONTROL | J17: Funcionando (1/2/3) | K17: Evaluación
G18: No. | H18: Referencia a Análisis y verificaciones en el marco del Comité Institucional de Coordinación de Control Interno | I18: Referencia a Análisis y verificaciones en el marco del Comité Institucional de Coordinación de Control Interno
B20: =+LEFT(C20,4) -> 16.1 | C20: 16.1 El comité Institucional de Coordinación de Control Interno aprueba anualmente el Plan Anual de Auditoría presentado por parte del Jefe de Control Interno o quien haga sus veces y hace el correspondiente seguimiento a sus ejecución? | D20: Dimension de Control Interno Lineas Estrategica | E20: El asesor de control interno del hospital, presenta ante el Comité de coordinación de control interno el plan anual de auditorías, para que éste sea aprobado y el resultado de las auditorias es presentado ante el comité para su socialización y toma de decisiones. | F20: 3 | G20: 1 | H20: Ante el Comité de coordinacion de control interno el jefe de la oficina asesora de control interno presenta los avances del plan de auditoria aprobado al inicio de la vigencia fiscal, realizando de esta manera el seguimiento al cumplimiento del plan. Esta actividad de seguimiento se realiza de manera cuatrimestral. | I20: Al inicio de la vigencia 2025 el asesor de Control interno, presentó ante el comité institucional de control interno el plan anual de auditoría para su aprobación, éste fue aprobado por los integrantes del comité. Al finalizar la vigencia se presento ante el comité de coordinación de control interno el cumplimiento del plan. El resultado de la gestion de los componentes del MECI realizada por el asesor de control interno en desarrollo del formulario FURAG de la vigencia 2025 posicionó al Hospital Departamental Psiquiatrico Universitario del Valle en el primer puesto entre 3371 entidades territoriales, con un 93,6 de indice de desempeño institucional MIPG, ubicada en el quintil 5 como una de las entidades con más alto indice de desempeño institucional. Igualmente el indice de desempeño de la séptima dimensión de control interno fue del 99.5 de cumplimiento, en donde el desarrollo del MECI en la entidad ocupo el puesto 1 entre 5766, ubicandonos en el quintil 5. | J20: 3 | K20: =+IF(OR(ISBLANK(F20),ISBLANK(J20)),"",IF(OR(AND(F20=1,J20=1),AND(F20=1,J20=2),AND(F20=1,J20=3)),"Deficiencia de control mayor (diseño y ejecución)",IF(OR(AND(F20=2,J20=2),AND(F20=3,J20=1),AND(F20=3,J20=2),AND(F20=2,J20=1)),"Deficiencia de control (diseño o ejecución)",IF(AND(F20=2,J20=3),"Oportunidad de mejora","Mantenimiento del control")))) -> Mantenimiento del control | L20: =+IF(K20="",312,IF(K20="Deficiencia de control mayor (diseño y ejecución)",320,IF(K20="Deficiencia de control (diseño o ejecución)",340,IF(K20="Oportunidad de mejora",360,380)))) -> 380 | M20: 5.8745 | N20: =+L20+M20 -> 385.8745
G21: 2 | H21: El resultado de las auditorias es igualmente socializado con los líderes de los procesos a los cuales se les ha realizado la auditoria para que establezcan el plan de mejoramiento.
G22: 3
G23: 4
G24: 5
G25: 6
G26: 7
G27: 8
B28: =+LEFT(C28,4) -> 16.2 | C28: 16.2 La Alta Dirección periódicamente evalúa los resultados de las evaluaciones (contínuas e independientes) para concluir acerca de la efectividad del Sistema de Control Interno | D28: Dimension de Control Interno Lineas Estrategica | E28: La entidad realiza seguimiento a la planeación estratégica, por medio del comité de gerencia que tiene una frecuencia de reunión de cada 15 dias, ahí se analizan las posibles desviaciones y eventos que pongan en riesgo el cumplimiento de los objetivos estratégicos. De igual manera se cuenta con el comité de mejoramiento en el cual se realiza seguimiento al desempeño institucional, su frecuencia es mensual y en este se toman acciones frente a las desviaciones que requieran una intervención inmediata por parte del equipo directivo, adicionalmente se cuenta con el comité de gestión y desempeño el cual realiza seguimiento a los planes de acción derivados de las 7 dimensiones del MIPG. El hospital también asegura la evaluación de la planeación, por medio de informes de gestión que dan cuenta del avance, brechas y procesos en curso, alineados con el plan operativo anual el cual es aprobado por la junta directiva articulado con el plan de desarrollo institucional. | F28: 3 | G28: 1 | I28: La alta dirección y los integrantes del comité de coordinación de control Interno evaluan la gestión desarrollada por el asesor de control interno e imparten las directrices tendientes a la mejora continua del Modelo Estandar de control interno MECI. Las directrices fueron enfocadas al desarrollo del modelo en cada uno de los procesos de la entidad, con los resultados evaluados por el FURAG ocupando el primer puesto entre 5766 entidades ubicandono en el quintil 5. | J28: 3 | K28: =+IF(OR(ISBLANK(F28),ISBLANK(J28)),"",IF(OR(AND(F28=1,J28=1),AND(F28=1,J28=2),AND(F28=1,J28=3)),"Deficiencia de control mayor (diseño y ejecución)",IF(OR(AND(F28=2,J28=2),AND(F28=3,J28=1),AND(F28=3,J28=2),AND(F28=2,J28=1)),"Deficiencia de control (diseño o ejecución)",IF(AND(F28=2,J28=3),"Oportunidad de mejora","Mantenimiento del control")))) -> Mantenimiento del control | L28: =+IF(K28="",312,IF(K28="Deficiencia de control mayor (diseño y ejecución)",320,IF(K28="Deficiencia de control (diseño o ejecución)",340,IF(K28="Oportunidad de mejora",360,380)))) -> 380 | M28: 5.9654 | N28: =+L28+M28 -> 385.9654
G29: 2
G30: 3
G31: 4 | H31: La línea estratégica imparte directrices a lo establecido en los comités de: Gerencia, de Mejoramiento institucional, sobre los informes de Gestión, el seguimiento de los planes operativos anuales y al PDI, estableciendo las directrices a seguir.
G32: 5
G33: 6
G34: 7
G35: 8
B36: =+LEFT(C36,4) -> 16.3 | C36: 16.3 La Oficina de Control Interno o quien haga sus veces realiza evaluaciones independientes periódicas (con una frecuencia definida con base en el análisis de riesgo), que le permite evaluar el diseño y operación de los controles establecidos y definir su efectividad para evitar la materialización de riesgos. | D36: Dimension de Control Interno Tercera Linea de Defensa | E36: La entidad cuenta con una matriz de riesgos ajustada a la Guia del DAFP, aplicando la Política, el Procedimiento y el Manual de la gestión de riesgos, instrumentos que fueron actualizados y que se vienen desarrollando en la gestión de los riesgos por procesos. | F36: 3 | G36: 1 | H36: Ante el Comité de Control Interno se ha presentado el seguimiento a los riesgos por procesos. Se deben identificar los riesgos clinicos, individuales, sociales y fiscales conforme al ajuste realizado al procedimiento gestión del riesgo. | I36: El asesor de control interno ha venido realizando el seguimiento al cumplimiento de todos los controles de los riesgos a diciembre de 2025, conforme a lo establecido en el procedimiento gestión del riesgo. Se evidenció la materialización de algunos riesgos como el de caida y evasión, riesgos que han sido revisados por los jefes de proceso en donde se evidencio que se tomaron las medidas para minimizar la materialización de estos riesgos. Igualmente en el ultimo trimestre de la vigencia 2025 el asesor de control interno en su seguimiento observó que los controles de los riesgos de la parte misional son eficaces y que éstos están en continua supervisión por parte de los jefes y personal asigando a cada uno de los procesos. Igualmente evidencio que se actualizó el procedimiento gestion del riesgo en donde se establecio que se debian identificar los riesgos clinicos, individuales, sociales y fiscales, conforme a la metodologia AMFE y FURAG. | J36: 3 | K36: =+IF(OR(ISBLANK(F36),ISBLANK(J36)),"",IF(OR(AND(F36=1,J36=1),AND(F36=1,J36=2),AND(F36=1,J36=3)),"Deficiencia de control mayor (diseño y ejecución)",IF(OR(AND(F36=2,J36=2),AND(F36=3,J36=1),AND(F36=3,J36=2),AND(F36=2,J36=1)),"Deficiencia de control (diseño o ejecución)",IF(AND(F36=2,J36=3),"Oportunidad de mejora","Mantenimiento del control")))) -> Mantenimiento del control | L36: =+IF(K36="",312,IF(K36="Deficiencia de control mayor (diseño y ejecución)",320,IF(K36="Deficiencia de control (diseño o ejecución)",340,IF(K36="Oportunidad de mejora",360,380)))) -> 380 | M36: 6.0123 | N36: =+L36+M36 -> 386.0123
G37: 2 | H37: El comité de control interno revisa el seguimiento a los controles de los riesgos para verificar la efectividad de los mismos e impartir directrices.
G38: 3
G39: 4
G40: 5
G41: 6
G42: 7
G43: 8
B44: =+LEFT(C44,4) -> 16.4 | C44: 16.4 Acorde con el Esquema de Líneas de Defensa se han implementado procedimientos de monitoreo continuo como parte de las actividades de la 2a línea de defensa, a fin de contar con información clave para la toma de decisiones. | D44: Dimension de Control Interno Segunda Linea de Defensa | E44: La segunda línea de defensa, presenta el monitoreo a la gestión a través de los POA y de los indicadores de gestión, éstos son presentados en el Comité de gerencia y en el Comité de Gestión y Desempeño, con el objeto de establecer el avance y cumplimiento de las metas institucionaerls del plan estratégico. | F44: 3 | G44: 1 | H44: La segunda línea de defensa informa al comité de coordinación de control interno, las desviaciones evidenciadas en los controles de los riesgos por proceso, el cual es monitoreado de manera regular por la segunda línea de defensa. | I44: Al seguimiento por control interno a diciembre de 2025, se evidenció el seguimiento al cumplimiento de la metas del PDI, el cual fue presentado y socializado en la rendición de cuentas públicas realizado en el primer semestre de 2025. Las metas propuestas en el plan son monitoreadas en el Comité de gerencia con una periodicidad de dos veces por mes. Al finalizar la vigencia se observa que se ha dado cumplimiento a las metas propuestas en el plan de desarrollo en donde son evaluadas de manera periodica en el comité de gerencia y ante la junta directiva de la entidad. | J44: 3 | K44: =+IF(OR(ISBLANK(F44),ISBLANK(J44)),"",IF(OR(AND(F44=1,J44=1),AND(F44=1,J44=2),AND(F44=1,J44=3)),"Deficiencia de control mayor (diseño y ejecución)",IF(OR(AND(F44=2,J44=2),AND(F44=3,J44=1),AND(F44=3,J44=2),AND(F44=2,J44=1)),"Deficiencia de control (diseño o ejecución)",IF(AND(F44=2,J44=3),"Oportunidad de mejora","Mantenimiento del control")))) -> Mantenimiento del control | L44: =+IF(K44="",312,IF(K44="Deficiencia de control mayor (diseño y ejecución)",320,IF(K44="Deficiencia de control (diseño o ejecución)",340,IF(K44="Oportunidad de mejora",360,380)))) -> 380 | M44: 6.1236 | N44: =+L44+M44 -> 386.1236
G45: 2 | H45: La segunda línea de defensa presenta ante el comité de control interno las desviaciones que se puedan estar presentando en desarrollo del Sistema de Control interno. Igualmente la segunda línea expone ante el Comité el estado del SCI para que sea evaluado por la linea estratégica y la primera Línea de defensa y se imparatan las directrices pertinentes.
G46: 3 | H46: La segunda línea presenta al comité de control interno información clave para la toma de decisiones una vez realizado el monitoreo del Sistema de Control interno por procesos.
G47: 4
G48: 5
G49: 6
G50: 7
G51: 8
B52: =+LEFT(C52,4) -> 16.5 | C52: 16.5 Frente a las evaluaciones independientes la entidad considera evaluaciones externas de organismos de control, de vigilancia, certificadores, ONG´s u otros que permitan tener una mirada independiente de las operaciones. | D52: Dimension de Control Interno Lineas de Defensa | E52: La línea estratégica a través de la segunda línea de defensa y con el área de calidad, consolidan los planes de mejoramiento, producto de las auditorías internas y externas, en donde la alta dirección y los procesos se comprometen a presentar los planes de mejoramiento para la mejora contínua. Estas auditorías y hallazgos le permiten a la entidad revisar las operaciones en cada uno de los procesos lo que coadyuva a su mejoramiento. | F52: 3 | G52: 1 | H52: Ante la línea estratégica se presentan los avances del cumplimiento de los planes de mejoramiento, producto de las auditorías internas y externas, la alta dirección toma decisiones conforme a las evaluaciones establecidas por los diferentes órganos de control y de los resultados de las auditorias internas, permitiendo con objetividad impartir directrices tendientes a la mejora continua del hospital. | I52: Se evidenció por control interno que a diciembre de 2025, la entidad cumplió con los planes de mejora establecidos por los entes de control y su reporte fue oportuno enviando los soportes requeridos y no hubo sanciones por incumplimiento. Los planes de mejoramiento coadyuvan a la mejora continua en los procesos. Al finalizar la vigencia 2025 se monitorearon las NO conformidades de las auditorías internas y externas para aportar en el fortalecimiento de los planes de mejoramiento en los diferentes procesos. | J52: 3 | K52: =+IF(OR(ISBLANK(F52),ISBLANK(J52)),"",IF(OR(AND(F52=1,J52=1),AND(F52=1,J52=2),AND(F52=1,J52=3)),"Deficiencia de control mayor (diseño y ejecución)",IF(OR(AND(F52=2,J52=2),AND(F52=3,J52=1),AND(F52=3,J52=2),AND(F52=2,J52=1)),"Deficiencia de control (diseño o ejecución)",IF(AND(F52=2,J52=3),"Oportunidad de mejora","Mantenimiento del control")))) -> Mantenimiento del control | L52: =+IF(K52="",312,IF(K52="Deficiencia de control mayor (diseño y ejecución)",320,IF(K52="Deficiencia de control (diseño o ejecución)",340,IF(K52="Oportunidad de mejora",360,380)))) -> 380 | M52: 6.2136 | N52: =+L52+M52 -> 386.2136
G53: 2 | H53: El Comité de coordinacion de control interno, acoge los lineamientos de estas evaluaciones, haciendo el seguimiento para que se cumplan los planes de mejoramiento, permitiéndole a la entidad mejorar en aspectos claves para el cumplimiento de los objetivos trazados en el plan estratégico
G54: 3
G55: 4
G56: 5
G57: 6
G58: 7
G59: 8
